 Dungeon Crawl Stone Soup version 0.30-a0-760-g5a9884bb7c (webtiles) character file.

Game seed: 8230980653216110968

16861406 themarg the Demon Slayer (level 27, 300/300 HPs)
             Began as a Hill Orc Fighter on Feb 11, 2023.
             Was a High Priest of the Shining One.
             Escaped with the Orb
             ... and 15 runes on Feb 12, 2023!
             The game lasted 07:36:02 (91984 turns).

themarg the Demon Slayer (Hill Orc Fighter)        Turns: 91984, Time: 07:36:03

Health: 300/300    AC: 61    Str: 33      XL:     27
Magic:  32/40      EV: 24    Int:  8      God:    the Shining One [*****.]
Gold:   9681       SH: 30    Dex: 25 (27) Spells: 26/26 levels left

rFire   + + +      SeeInvis +    a - +9 broad axe (spect)
rCold   + + +      Faith    .    z - +2 tower shield
rNeg    + + +      Spirit   .    N - +13 crystal plate armour of Ygoyptif {rF+ Regen+ Dex+3}
rPois   +          Reflect  .    J - +2 helmet {SInv}
rElec   +          Harm     .    y - +0 cloak
rCorr   +          Rampage  .    e - +4 pair of gloves "Otykh" {rElec rF+ rC+++}
Will    ++++.                    o - +2 pair of boots {Fly} Stlth
                                 A - macabre finger necklace {Finger+ rN+}
HPRegen 1.50/turn                v - ring "Sosap" {rCorr Str+6 Int+2 Dex+5}
MPRegen 0.27/turn                I - ring "Yrchantaq" {rPois rN+ rCorr Dex-3}
                                 b - ring of Idifetsu {Contam rElec rPois rF+ Will++}

@: flying, glowing, studying Summonings
A: agile 2, cold resistance 1, deterioration 1, sense surroundings 1, robust 1,
subdued magic 1
0: Orb of Zot
}: 15/15 runes: decaying, serpentine, slimy, silver, golden, iron, obsidian,
icy, bone, abyssal, demonic, glowing, magical, fiery, dark
a: Renounce Religion, Divine Shield, Cleansing Flame, Summon Divine Warrior


You escaped.
You worshipped the Shining One.
The Shining One was extremely pleased with you.
You visited 18 branches of the dungeon, and saw 88 of its levels.
You visited Pandemonium 1 time, and saw 21 of its levels.
You visited the Abyss 3 times.
You visited 1 bazaar.
You also visited: Wizlab.

You collected 17055 gold pieces.
You spent 7374 gold pieces at shops.

Inventory:

Hand Weapons
 a - a +9 spectral broad axe (weapon)
Missiles
 u - 12 boomerangs (quivered)
 F - 4 boomerangs of dispersal
 G - 8 javelins
 K - 12 curare-tipped darts
 L - 2 silver boomerangs
 O - 9 silver javelins
Armour
 e - the +4 pair of gloves "Otykh" (worn) {rElec rF+ rC+++}
   (Okawaru gifted it to you on level 5 of the Lair of Beasts)

   rF:        It protects you from fire.
   rC:        It renders you almost immune to cold.
   rElec:     It insulates you from electricity.
 o - a +2 pair of boots of flying (worn)
 y - a +0 cloak (worn)
 z - a +2 tower shield (worn)
 J - a +2 helmet of see invisible (worn)
 N - the +13 crystal plate armour of Ygoyptif (worn) {rF+ Regen+ Dex+3}
   (You took it off a gnoll on level 9 of the Dungeon)

   Dex:       It affects your dexterity (+3).
   rF:        It protects you from fire.
   Regen:     It increases your rate of health regeneration.
Jewellery
 b - the ring of Idifetsu (on amulet) {Contam rElec rPois rF+ Will++}
   (You bought it in a shop on level 4 of the Snake Pit)

   [ring of poison resistance]

   rF:        It protects you from fire.
   rElec:     It insulates you from electricity.
   rPois:     It protects you from poison.
   Contam:    It causes magical contamination when unequipped.
   Will:      It greatly increases your willpower.
 v - the ring "Sosap" (left hand) {rCorr Str+6 Int+2 Dex+5}
   (You bought it in a shop on level 2 of the Orcish Mines)

   [ring of strength]

   Str:       It affects your strength (+6).
   Int:       It affects your intelligence (+2).
   Dex:       It affects your dexterity (+5).
   rCorr:     It protects you from acid and corrosion.
 A - the macabre finger necklace (around neck) {Finger+ rN+}
   (You bought it in a shop on level 4 of the Snake Pit)

   [amulet of nothing]

   Finger+:   It enables you to equip an extra ring.
   rN:        It protects you from negative energy.
 I - the ring "Yrchantaq" (right hand) {rPois rN+ rCorr Dex-3}
   (You found it on level 5 of the Lair of Beasts)

   [ring of positive energy]

   Dex:       It affects your dexterity (-3).
   rPois:     It protects you from poison.
   rN:        It protects you from negative energy.
   rCorr:     It protects you from acid and corrosion.
 T - the ring "Duyrish" {rPois rCorr MP+9 Str+7 Int-4}
   (You bought it in a shop on level 2 of the Orcish Mines)

   [ring of magical power]

   Str:       It affects your strength (+7).
   Int:       It affects your intelligence (-4).
   rPois:     It protects you from poison.
   MP:        It affects your magic capacity (+9).
   rCorr:     It protects you from acid and corrosion.
Wands
 d - a wand of polymorph (47)
 q - a wand of mindburst (61)
 D - a wand of quicksilver (41)
 U - a wand of roots (31)
 X - a wand of digging (10)
Scrolls
 f - 17 scrolls of poison
 g - 8 scrolls of fog
 l - 2 scrolls of summoning
 m - 5 scrolls of teleportation
 n - 4 scrolls of blinking
 t - 5 scrolls of brand weapon
 B - 14 scrolls of vulnerability
 C - 10 scrolls of fear
 M - a scroll of magic mapping
 P - 10 scrolls of immolation
 Q - 6 scrolls of silence
Potions
 c - 5 potions of berserk rage
 i - 26 potions of curing
 j - 4 potions of resistance
 k - 5 potions of mutation
 p - 6 potions of lignification
 r - 5 potions of magic
 s - a potion of cancellation
 w - 11 potions of flight
 x - 6 potions of haste
 E - 8 potions of heal wounds
 R - 9 potions of ambrosia
 S - 9 potions of attraction
Miscellaneous
 h - a figurine of a ziggurat
 H - a phantom mirror
 V - a tin of tremorstones (2/2)
 W - a phial of floods
 Y - a box of beasts
 Z - a lightning rod (4/4)


   Skills:
 O Level 27 Fighting
 O Level 27 Axes
 + Level 20.5 Throwing
 O Level 27 Armour
 + Level 23.0 Dodging
 O Level 27 Shields
 O Level 27 Invocations
 + Level 24.1 Evocations


You had 26 spell levels left.
You didn't know any spells.
Your spell library contained the following spells:

 Spells                   Type           Power      Damage    Failure   Level
 Apportation              Tloc           0%         N/A       87%         1
 Foxfire                  Conj/Fire      0%         2x1d4     87%         1
 Freeze                   Ice            0%         1d3       87%         1
 Kiss of Death            Conj/Necr      0%         2d5       87%         1
 Magic Dart               Conj           0%         1d3       87%         1
 Necrotise                Necr           0%         1d4       87%         1
 Sandblast                Erth           0%         2d4       87%         1
 Shock                    Conj/Air       0%         1d3       87%         1
 Slow                     Hex            0%         N/A       87%         1
 Sting                    Tmut/Pois      0%         1d3       87%         1
 Summon Small Mammal      Summ           0%         N/A       87%         1
 Blink                    Tloc           0%         N/A       95%         2
 Call Imp                 Summ           0%         N/A       95%         2
 Ensorcelled Hibernation  Hex/Ice        0%         N/A       95%         2
 Passwall                 Tmut/Erth      0%         N/A       95%         2
 Poisonous Vapours        Pois/Air       0%         N/A       95%         2
 Searing Ray              Conj           0%         2d4       95%         2
 Static Discharge         Conj/Air       0%         2-2/arc   95%         2
 Call Canine Familiar     Summ           0%         N/A       99%         3
 Confusing Touch          Hex            0%         N/A       99%         3
 Dazzling Flash           Conj/Hex       0%         N/A       99%         3
 Frozen Ramparts          Ice            0%         1d1       99%         3
 Gell's Gravitas          Tloc           0%         N/A       99%         3
 Hailstorm                Conj/Ice       0%         3d3       99%         3
 Ignite Poison            Fire/Tmut/Pois 0%         N/A       99%         3
 Kindle Blastsparks       Fire/Tloc/Air  0%         2d10      99%         3
 Mephitic Cloud           Conj/Pois/Air  0%         N/A       99%         3
 Ozocubu's Armour         Ice            0%         N/A       99%         3
 Portal Projectile        Hex/Tloc       0%         N/A       99%         3
 Spider Form              Tmut/Pois      0%         N/A       99%         3
 Stone Arrow              Conj/Erth      0%         3d7       99%         3
 Summon Guardian Golem    Hex/Summ       0%         N/A       99%         3
 Swiftness                Air            0%         N/A       99%         3
 Teleport Other           Tloc           0%         N/A       99%         3
 Tukima's Dance           Hex            0%         N/A       99%         3
 Vampiric Draining        Necr           0%         2d6       99%         3
 Vhi's Electric Charge    Tloc/Air       0%         N/A       99%         3
 Airstrike                Air            0%         2d(0-16)  100%        4
 Anguish                  Hex/Necr       0%         N/A       100%        4
 Animate Armour           Summ/Erth      0%         N/A       100%        4
 Cause Fear               Hex            0%         N/A       100%        4
 Dispel Undead            Necr           0%         3d6       100%        4
 Fulminant Prism          Conj/Hex       0%         3d5       100%        4
 Ice Form                 Ice/Tmut       0%         N/A       100%        4
 Iskenderun's Mystic Bla  Conj/Tloc      0%         2d3       100%        4
 Leda's Liquefaction      Hex/Erth       0%         N/A       100%        4
 Manifold Assault         Tloc           0%         N/A       100%        4
 Olgreb's Toxic Radiance  Pois           0%         N/A       100%        4
 Passage of Golubria      Tloc           0%         N/A       100%        4
 Sticky Flame             Conj/Fire      0%         2d3       100%        4
 Summon Ice Beast         Ice/Summ       0%         N/A       100%        4
 Alistair's Intoxication  Tmut/Pois      0%         N/A       100%        5
 Arcjolt                  Conj/Air       0%         1d10      100%        5
 Blade Hands              Tmut           0%         N/A       100%        5
 Fireball                 Conj/Fire      0%         3d3       100%        5
 Freezing Cloud           Conj/Ice/Air   0%         6-21      100%        5
 Irradiate                Conj/Tmut      0%         3d11      100%        5
 Iskenderun's Battlesphe  Conj           0%         2d6       100%        5
 Lee's Rapid Deconstruct  Erth           0%         3d4*      100%        5
 Lightning Bolt           Conj/Air       0%         1d11      100%        5
 Metabolic Englaciation   Hex/Ice        0%         N/A       100%        5
 Summon Forest            Summ/Tloc      0%         N/A       100%        5
 Summon Mana Viper        Hex/Summ       0%         N/A       100%        5
 Yara's Violent Unravell  Hex/Tmut       0%         3d3       100%        5
 Dispersal                Tloc           0%         N/A       100%        6
 Eringya's Noxious Bog    Tmut/Pois      0%         N/A       100%        6
 Iron Shot                Conj/Erth      0%         9d1       100%        6
 Simulacrum               Ice/Necr       0%         N/A       100%        6
 Starburst                Conj/Fire      0%         6d3       100%        6
 Statue Form              Tmut/Erth      0%         N/A       100%        6
 Summon Cactus Giant      Summ           0%         N/A       100%        6
 Dragon Form              Tmut           0%         N/A       100%        7
 Enfeeble                 Hex            0%         N/A       100%        7
 Malign Gateway           Summ/Tloc      0%         N/A       100%        7
 Ozocubu's Refrigeration  Ice            0%         4d7       100%        7
 Spellforged Servitor     Conj/Summ      0%         N/A       100%        7
 Storm Form               Tmut/Air       0%         N/A       100%        7
 Summon Hydra             Summ           0%         N/A       100%        7
 Borgnjor's Revivificati  Necr           0%         N/A       100%        8
 Ignition                 Fire           0%         3d3       100%        8
 Maxwell's Capacitive Co  Air            0%         ∞         100%        8
 Necromutation            Tmut/Necr      0%         N/A       100%        8
 Summon Horrible Things   Summ           0%         N/A       100%        8
 Death's Door             Necr           0%         N/A       100%        9
 Dragon's Call            Summ           0%         N/A       100%        9
 Polar Vortex             Ice            0%         N/A       100%        9


Dungeon Overview and Level Annotations

Branches:
Dungeon (15/15)            Temple (1/1) D:5            Lair (5/5) D:8
  Swamp (4/4) Lair:2        Snake (4/4) Lair:3        Slime (5/5) Lair:5
    Orc (2/2) D:11            Elf (3/3) Orc:2        Vaults (5/5) D:13
  Crypt (3/3) Vaults:3       Tomb (3/3) Crypt:3      Depths (4/4) D:15
   Hell (visited)             Dis (7/7) Hell            Geh (7/7) Hell
    Coc (7/7) Hell            Tar (7/7) Hell            Zot (5/5) Depths:4
 WizLab (visited)

Altars:
Ashenzari
Cheibriados
Dithmenos
Elyvilon
Fedhas
Gozag
Hepliaklqana
Kikubaaqudgha
Makhleb
Nemelex Xobeh
Okawaru
Qazlal
Ru
Sif Muna
Trog
Uskayaw
Vehumet
Wu Jian
Xom
Yredelemnul
Zin
The Shining One
Beogh
Jiyva

Shops:
Orc:2 =[(!*=?   Elf:1 ((!:   Elf:2 *   Elf:3 *   Snake:2 [=:   Snake:4 *=:=
Vaults:2 ([[   Vaults:5 ?   Depths:4 *[

Portals:
Hell: Depths:1 Depths:2 Depths:3 Depths:4
Abyss: Depths:1 Depths:3
Pandemonium: Depths:2 Depths:3
Ziggurat: Depths:2
Trove: D:12 (give 7 scrolls of fog)

Annotations:
Lair:1 2 transporters
Elf:2 5 runed translucent doors
Vaults:1 1 transporter
Geh:2 1 exclusion
Zot:5 4 exclusions


Innate Abilities, Weirdness & Mutations

You are very agile. (Dex +8, Str/Int -2)
Your flesh is cold resistant. (rC+)
Your body sometimes deteriorates upon taking damage.
You passively map a small area around you.
You are robust. (+10% HP)
Your spells are a little easier to cast, but a little less powerful.


Message History

You kill the sun demon!
The Shining One accepts your kill.
You feel better.
You completely miss the sun demon. You hit the sun demon but do no damage.
Your +9 spectral broad axe barely misses the sun demon.
You block the sun demon's attack. x2
You feel your dexterity returning.
Activating: Cleansing Flame (0% risk of failure)
Press: ? - help, Dir - look around, f - activate The golden flame engulfs you but does no damage.
The golden flame engulfs the sun demon!!!
The sun demon writhes in agony!
You kill the sun demon!
The Shining One accepts your kill.
You feel better.
The golden flame engulfs the sun demon!!!
The sun demon writhes in agony!
The sun demon is almost dead.
You block the sun demon's attack.
You slice the sun demon!!
You kill the sun demon!
The Shining One accepts your kill.
You feel better.
You see here a +0 leather armour.
There is an escape hatch in the ceiling here.
A mysterious force pulls you upwards. The hatch slams shut behind you.
You see here a +0 mace.
HP restored.
You see here a +0 club.
Magic restored.
There is a stone staircase leading up here.
You fly upwards.
There is a stone staircase leading down here.
There is a staircase leading out of the dungeon here.
You are momentarily dazzled by a brilliant light.
The Shining One is no longer ready to bless your weapon.
Okay, then.
Unknown command.
Unknown command.
You have escaped!

#.#....^.#.## #.....# #.######.
#.........## ##...## #.#...##.
###.#.###.#######.#####..###†#.
#.#....................#.....
#.#####.#.#####.######.#.#.##
#.# #.#.# #+# ##...##
#.#####.#.###################
#.......#.##.................
######.###.##@A..##...##......
#...........#.................
#.##.......'################..
#.###...##.#.........##.# #.##
#.##.......##.......##.## ##.#
#......>#####......####.###.##
####.#.## #.#...## #..#..##
#.#.######.##'## #.......
#.#........##.# #####.##


You could see a friendly angel (summoned).

Vanquished Creatures
  Dissolution (Slime:2)
  Gloorx Vloq (Pan)
  the Royal Jelly (Slime:5)
  the Serpent of Hell (Dis:7)
  Lom Lobon (Pan)
  10 dread liches
  Dispater (Dis:7)
  Khufu (Tomb:3)
  5 orbs of fire
  8 ancient liches
  5 juggernauts
  Mara (Vaults:4)
  Sojobo (Vaults:3)
  24 royal mummies
  5 Killer Klowns
  12 shard shrikes
  Saint Roka (Depths:3)
  5 pandemonium lords (Pan)
  Vashnia (Snake:4)
  Margery (Vaults:4)
  4 curse toes
  16 caustic shrikes
  Geryon (Hell)
  7 golden dragons
  3 profane servitors
  The ghost of Katt the Executioner, an adept MiFi of the Shining One (Crypt:2)
  A pearl dragon (Pan)
  An iron giant (Dis:7)
  9 hellephants
  15 Tzitzimimeh
  5 bone dragons
  2 electric golems (Zot:5)
  9 doom hounds
  11 Brimstone Fiends
  15 Ice Fiends
  10 tainted leviathans
  15 tentacled monstrosities
  11 Hell Sentinels
  2 spectral shard shrikes
  Mlioglotl (Swamp:1)
  29 Orb Guardians
  6 deep elf master archers
  12 liches
  Grunn (Zot:1)
  8 deep elf blademasters
  14 searing wretches
  34 titans
  5 quicksilver dragons
  Gastronok (Orc:1)
  16 acid blobs
  3 tentacled starspawn
  17 Executioners (Pan)
  An eldritch tentacle (Geh:3)
  A thorn hunter (Swamp:2)
  Kirke (Elf:1)
  30 ancient champions
  9 sphinxes
  10 tengu reavers
  14 shadow dragons
  11 death cobs
  11 revenants
  2 fenstrider witches (Swamp:4)
  Donald (Crypt:1)
  9 draconian monks
  An azure jelly (shapeshifter) (Vaults:2)
  A daeva (Pan)
  17 nagarajas
  15 storm dragons
  3 rockslimes (Slime:5)
  20 azure jellies
  40 fire giants
  37 frost giants
  8 quicksilver elementals
  17 vault wardens
  6 draconian knights
  6 deep elf sorcerers
  2 demonspawn warmongers (Pan)
  A ghost moth (shapeshifter) (Depths:3)
  28 narguns
  3 iron dragons
  A spectral juggernaut (Tar:3)
  2 spectral caustic shrikes
  38 balrugs
  5 draconian shifters
  3 shard shrike simulacra
  7 ghost moths
  2 curse skulls (Pan)
  3 draconian scorchers (Zot:2)
  A caustic shrike zombie (WizLab)
  17 cacodemons
  3 deep elf elementalists (Elf:3)
  22 ironbound preservers
  4 demonspawn corrupters (Pan)
  3 draconian stormcallers
  3 angels (Pan)
  8 quicksilver oozes
  7 draconian annihilators
  The ghost of Lobster4 the Geomancer, a journeyman DEEE of Vehumet (D:13)
  3 demonspawn blood saints (Pan)
  20 war gargoyles
  16 ghouls
  19 reapers
  32 stone giants
  An ophan (Pan)
  25 very ugly things
  4 green draconians
  7 apis (Pan)
  12 putrid mouths
  9 ironbound thunderhulks
  5 demonspawn black suns (Pan)
  4 eleionomae
  7 black draconians
  8 vampire knights
  18 elemental wellsprings
  4 bennus
  7 bunyips
  7 deep elf annihilators
  6 deep elf demonologists
  14 white draconians
  14 wendigos
  13 yellow draconians
  3 halazid warlocks (WizLab)
  7 purple draconians
  10 dire elephants
  18 red draconians
  3 spark wasps
  8 green deaths
  20 iron golems
  6 eidola
  4 lorocyprocas
  14 blizzard demons (Pan)
  A crystal guardian (Vaults:3)
  A spectral quicksilver dragon (Tar:3)
  8 deep elf death magi
  10 ettins
  7 deep elf high priests
  18 yaktaur captains
  7 fire dragons
  11 great orbs of eyes
  19 jiangshi
  26 mummy priests
  An entropy weaver (Vaults:1)
  2 spectral iron giants (Tar:4)
  41 vault guards
  16 salamander tyrants
  7 hydras
  10 ice dragons
  2 ghost crabs
  4 peacekeepers
  6 caustic shrike simulacra
  2 spriggan air magi
  5 rakshasas
  A catoblepas (Pan)
  Erolcha (D:12)
  A quicksilver dragon skeleton (Crypt:1)
  6 ogre magi
  A fenstrider witch skeleton (Tomb:1)
  2 death knights (Vaults:3)
  15 juggernaut simulacra
  6 stokers
  5 anacondas
  3 boulder beetles
  2 two-headed ogres
  6 hell beasts
  8 centaur warriors
  21 dancing weapons
  An anaconda (shapeshifter) (Depths:3)
  13 ironbound frosthearts
  4 alligators
  9 deep troll shamans
  A death yak (Lair:5)
  50 hell hogs
  15 naga warriors
  51 death scarabs
  5 tengu warriors
  11 vampire magi
  27 soul eaters
  3 titan zombies
  Urug (Lair:4)
  10 deep troll earth magi
  A thrashing horror (Abyss:3)
  4 spriggan berserkers (Depths:3)
  4 orc high priests
  15 naga sharpshooters
  5 hell knights
  4 shock serpents
  18 deep elf knights
  Nergalle (Orc:1)
  7 crystal echidnas
  A spectral bunyip (Tar:2)
  A spectral death yak (Lair:5)
  3 wretched stars (Abyss:3)
  4 spectral spark wasps (WizLab)
  47 sun demons
  A storm dragon skeleton (Crypt:2)
  11 iron trolls
  2 bunyip zombies
  3 salamander mystics
  22 sixfirhies
  35 skeletal warriors
  13 flayed ghosts
  A spark wasp zombie (Crypt:2)
  4 quicksilver dragon simulacra (Coc:7)
  18 shadow wraiths
  A spectral iron dragon (Tar:6)
  An anaconda zombie (Hell)
  12 shadow demons
  A skyshark (shapeshifter) (Elf:2)
  5 goliath frogs
  An iron giant zombie (Hell)
  A sea snake (Snake:2)
  57 deep trolls
  A skyshark (Lair:5)
  6 spectral anacondas
  3 spriggan druids
  2 cherubim (Pan)
  5 naga ritualists
  3 swamp dragons
  4 spectral hydras
  12 bog bodies
  21 phantasmal warriors
  13 deep elf archers
  An obsidian statue (Lair:5)
  34 deep elf pyromancers
  2 anaconda skeletons
  A swamp dragon (shapeshifter) (Vaults:5)
  19 ironbound convokers
  7 glowing orange brains
  2 bunyip skeletons
  12 wizards
  8 spriggan simulacra
  15 necromancers
  3 lindwurms
  A fenstrider witch simulacrum (Coc:2)
  4 orc knights
  3 wolf spider zombies (WizLab)
  Pikel (D:8)
  A steelbarb worm (shapeshifter) (Depths:2)
  22 deep elf zephyrmancers
  6 mana vipers
  13 harpies
  A salamander (shapeshifter) (Abyss:1)
  5 shining eyes
  2 spectral spriggans (WizLab)
  3 spectral ettins
  17 salamanders
  4 manticores
  50 ugly things
  11 orc sorcerers
  An iron dragon skeleton (Crypt:1)
  2 cyclopes
  2 spectral centaurs (Tar:2)
  24 vault sentinels
  29 moths of wrath
  4 will-o-the-wisps
  A worldbinder (Abyss:1)
  A centaur zombie (Crypt:3)
  27 elephants
  A moth of wrath (shapeshifter) (Elf:2)
  8 guardian serpents
  4 rust devils
  A dire elephant zombie (Lair:5)
  3 eyes of devastation
  16 naga magi
  4 ice statues
  A titan simulacrum (Coc:5)
  34 black mambas
  4 gargoyles
  3 naga zombies (Crypt:3)
  A cane toad (shapeshifter) (Abyss:1)
  15 molten gargoyles
  32 smoke demons
  16 orange demons
  2 demonic crawlers
  A green draconian zombie (Crypt:3)
  A spectral sea snake (Snake:1)
  24 large abominations
  18 cane toads
  2 unseen horrors
  27 hellions
  12 freezing wraiths
  6 ice devils
  3 kobold demonologists
  28 tormentors
  3 swamp worm zombies (Swamp:4)
  29 yaktaurs
  2 rime drakes
  2 efreet (Pan)
  7 anaconda simulacra
  A dire elephant skeleton (Crypt:1)
  6 spectral nagas
  A komodo dragon (shapeshifter) (D:15)
  3 silent spectres
  10 komodo dragons
  A sea snake skeleton (Snake:1)
  3 tengu conjurers
  2 spectral harpies
  3 golden dragon simulacra
  4 bunyip simulacra
  2 red devils
  2 ancient zymes (Abyss:1)
  34 guardian mummies
  3 iron giant simulacra
  7 hydra zombies
  26 hellwings (Pan)
  A mana viper zombie (Crypt:2)
  A meliai (shapeshifter) (Elf:2)
  4 bloated husks (Swamp:4)
  3 harpy zombies (Crypt:3)
  A queen bee (D:10)
  12 tyrant leeches
  A merfolk (shapeshifter) (Elf:1)
  10 trolls
  14 hornets
  A polar bear (Lair:5)
  6 alligator zombies
  9 blink frogs
  A spectral elephant (Lair:5)
  A spectral guardian serpent (Snake:1)
  A mana viper skeleton (Crypt:3)
  2 spriggan zombies
  A hydra skeleton (Hell)
  7 raiju
  A dream sheep (shapeshifter) (D:15)
  11 dream sheep
  A tarantella (Vaults:1)
  An iron dragon simulacrum (Coc:3)
  A harpy skeleton (Crypt:3)
  3 spectral swamp dragons (Swamp:4)
  63 slime creatures
  An ice dragon skeleton (Crypt:3)
  12 ynoxinuls (Pan)
  Sigmund (D:4)
  4 air elementals
  46 flying skulls
  18 water elementals
  5 wyverns
  3 centaur simulacra
  An ettin skeleton (Abyss:3)
  18 spriggans
  30 ushabtiu
  2 shadows
  38 yaks
  A slime creature zombie (Crypt:1)
  A wind drake zombie (Crypt:2)
  14 wraiths
  A black mamba skeleton (Crypt:2)
  5 basilisks
  A human (shapeshifter) (Depths:3)
  7 dire elephant simulacra
  2 golden eyes (Slime:3)
  11 humans
  A redback (Vaults:1)
  9 vampire mosquitoes
  3 alligator snapping turtle simulacra (Coc:1)
  19 chaos spawn
  15 neqoxecs
  3 fire elementals
  A hog (Elf:1)
  A redback simulacrum (D:14)
  2 steam dragons
  2 sea snake simulacra (Snake:1)
  6 wargs
  Menkaure (D:4)
  2 death yak simulacra (Lair:5)
  2 spectral cane toads (Lair:5)
  34 nagas
  22 water moccasins
  9 swamp worms
  15 harpy simulacra
  A water moccasin (shapeshifter) (Depths:3)
  5 hydra simulacra
  Duvessa (D:5)
  2 acid dragons
  A floating eye (Depths:3)
  A guardian serpent simulacrum (Snake:1)
  5 hell hounds (Hell)
  4 swamp dragon zombies
  32 orc warriors
  2 ice beasts (D:6)
  9 ettin simulacra
  2 alligator simulacra (Hell)
  4 swamp drakes
  2 black bears (D:8)
  An elephant zombie (Lair:5)
  A snapping turtle zombie (Crypt:2)
  13 wolves
  19 ogres
  10 boggarts
  10 centaurs
  2 elephant skeletons (Lair:5)
  4 lemures
  19 starcursed masses (Abyss:3)
  5 phantoms
  A cyclops zombie (Crypt:1)
  5 kobold brigands
  9 bullfrogs
  12 necrophages
  3 gnoll sergeants
  3 earth elementals
  6 scorpions
  3 small abominations (Abyss:1)
  A warg zombie (Crypt:1)
  4 wights
  A water moccasin skeleton (Crypt:2)
  Dowan (D:5)
  2 elephant simulacra (Lair:5)
  35 killer bees
  A swamp dragon simulacrum (Swamp:2)
  8 electric eels
  13 howler monkeys
  A wolf zombie (Crypt:1)
  A yak skeleton (Crypt:1)
  A quasit (Abyss:1)
  3 hounds
  A jelly (D:8)
  30 orc priests
  An iron imp (Abyss:1)
  A gnoll bouda (D:9)
  A bullfrog skeleton (Crypt:3)
  3 iguanas
  38 orc wizards
  A spectral swamp drake (Swamp:4)
  6 hell rats (Hell)
  4 naga skeletons
  58 mummies
  11 adders
  16 gnolls
  4 naga simulacra
  A swamp drake zombie (Swamp:4)
  A white imp (D:8)
  2 ufetubi
  An iguana skeleton (Crypt:1)
  2 worms
  5 dart slugs
  110 orcs
  A bat zombie (Crypt:1)
  3 endoplasms
  3 giant cockroaches
  14 goblins
  9 hobgoblins
  5 jackals
  12 kobolds
  4 quokkas
  12 ball pythons
  10 bats
  3 frilled lizards
  A hobgoblin skeleton (Crypt:3)
  A kobold skeleton (Crypt:1)
  A quokka skeleton (Crypt:3)
  11 rats
  2 river rat skeletons (Crypt:3)
  3 ball lightnings (Pan)
  8 creeping infernos
  18 fire vortices
  A lurking horror (Abyss:1)
  6 starspawn tentacles
3988 creatures vanquished.

Vanquished Creatures (collateral kills)
  Cerebov (Pan)
  Antaeus (Coc:7)
  Asmodeus (Geh:7)
  Ereshkigal (Tar:7)
  Mnoleg (Pan)
  A pandemonium lord (Pan)
  An ancient lich (Dis:1)
  A royal mummy (Tomb:1)
  2 shard shrikes (Coc:6)
  8 caustic shrikes
  3 profane servitors (Tar:7)
  4 hellephants
  An iron giant (Dis:6)
  A Tzitzimitl (Tar:7)
  3 Brimstone Fiends
  A tentacled monstrosity (Pan)
  2 Hell Sentinels (Dis:1)
  4 tainted leviathans (Tar:7)
  A searing wretch (Geh:6)
  A deep elf blademaster (Pan)
  2 ancient champions (Dis:1)
  An eldritch tentacle (Pan)
  An azure jelly (Coc:6)
  10 balrugs
  3 very ugly things (Pan)
  3 cacodemons (Pan)
  A reaper (Pan)
  4 war gargoyles
  A stone giant (Pan)
  3 putrid mouths (Tar:7)
  3 lorocyprocas (Tar:6)
  3 elemental wellsprings (Coc:6)
  A wendigo (Coc:6)
  An iron golem (Dis:1)
  2 green deaths (Tar:6)
  4 blizzard demons (Pan)
  A salamander tyrant (Geh:5)
  2 hell hogs
  A crystal echidna (Dis:1)
  A shadow wraith (Tar:7)
  2 soul eaters (Pan)
  2 sun demons (Pan)
  A sixfirhy (Pan)
  An ugly thing (Pan)
  7 smoke demons (Pan)
  7 hellions
  2 tormentors (Pan)
  An iron giant simulacrum (Coc:4)
  A ynoxinul (Pan)
  4 chaos spawn (Pan)
  4 neqoxecs (Pan)
  4 large abominations (Pan)
  A mummy (Tomb:1)
  4 fire vortices
128 creatures vanquished.

Vanquished Creatures (others)
  Mennas (Pan)
  An ancient lich (Zot:5)
  A pandemonium lord (Pan)
  An Orb Guardian (Zot:5)
  An Executioner (Pan)
  An eldritch tentacle (Pan)
  A revenant (Tomb:3)
  A draconian knight (Zot:5)
  A balrug (Pan)
  3 shard shrike simulacra
  A ghost moth (Zot:4)
  A reaper (Pan)
  3 demonspawn blood saints (Pan)
  An ironbound preserver (Vaults:5)
  An elemental wellspring (Coc:7)
  2 wendigos (Coc:5)
  A mummy priest (Tomb:3)
  A juggernaut simulacrum (Coc:7)
  2 death scarabs (Tomb:3)
  A hell hog (Geh:2)
  A sun demon (Pan)
  A phantasmal warrior (Swamp:4)
  A spriggan simulacrum (Coc:6)
  A deep elf archer (Elf:2)
  A necromancer (WizLab)
  A deep elf pyromancer (Elf:1)
  A shadow dragon zombie (Hell)
  A titan simulacrum (Coc:1)
  A smoke demon (Pan)
  3 guardian mummies (Tomb:3)
  An anaconda simulacrum (Coc:7)
  7 bloated husks
  2 tyrant leeches
  A hornet (Swamp:3)
  A dire elephant simulacrum (Coc:6)
  An ushabti (Tomb:3)
  A large abomination (Pan)
  2 chaos spawn (Pan)
  2 neqoxecs (Pan)
  A harpy simulacrum (Coc:6)
  2 swamp worms (Swamp:2)
  A hydra simulacrum (Coc:6)
  A swamp drake (Swamp:2)
  An ettin simulacrum (Coc:7)
  A swamp dragon zombie (Swamp:4)
  2 naga simulacra (Coc:7)
  3 orc wizards
  A mummy (Tomb:3)
  8 ball lightnings (Pan)
  A bush (Lair:5)
  A creeping inferno (Geh:2)
  3 fire vortices
  14 foxfires
  25 fungi
  89 plants
  5 starspawn tentacles (Abyss:3)
  20 withered plants (Lair:5)
235 creatures vanquished.

Grand Total: 4351 creatures vanquished

Notes
Turn   | Place    | Note
-------+----------+-------------------------------------------
     0 | D:1      | themarg the Hill Orc Fighter began the quest for the Orb.
     0 | D:1      | Reached XP level 1. HP: 19/19 MP: 1/1
   195 | D:1      | Reached XP level 2. HP: 27/27 MP: 2/2
   512 | D:1      | Reached XP level 3. HP: 33/33 MP: 3/3
  1032 | D:2      | Reached XP level 4. HP: 41/41 MP: 4/4
  1610 | D:2      | Identified the +0 quarterstaff of Cec Enow {heavy, rPois}
  1762 | D:3      | Reached XP level 5. HP: 44/47 MP: 5/5
  2119 | D:3      | Reached skill level 5 in Fighting
  2468 | D:4      | Noticed Menkaure
  2539 | D:4      | Killed Menkaure
  2540 | D:4      | Reached skill level 5 in Shields
  2540 | D:4      | Reached XP level 6. HP: 13/56 MP: 6/6
  3359 | D:4      | Reached XP level 7. HP: 61/61 MP: 7/7
  3544 | D:4      | Noticed Sigmund
  3546 | D:4      | Killed Sigmund
  4010 | D:5      | Entered Level 5 of the Dungeon
  4020 | D:5      | Reached skill level 10 in Axes
  4023 | D:5      | Reached XP level 8. HP: 63/68 MP: 8/8
  4080 | D:5      | Noticed Duvessa
  4081 | D:5      | Noticed Dowan
  4145 | D:5      | Found a staircase to the Ecumenical Temple.
  4157 | Temple   | Entered the Ecumenical Temple
  4441 | Temple   | Became a worshipper of Warmaster Okawaru
  4495 | D:5      | Got the Discursus on Transformation
  4545 | D:5      | Killed Dowan
  4589 | D:5      | Killed Duvessa
  5093 | D:6      | Found an ornate altar of the Wu Jian Council.
  5167 | D:6      | Reached * piety under Okawaru
  5168 | D:6      | Reached skill level 1 in Throwing
  5502 | D:6      | Reached XP level 9. HP: 68/75 MP: 9/9
  5531 | D:6      | Found an opulent altar of Gozag.
  5559 | D:6      | Found a shadowy altar of Dithmenos.
  5564 | D:6      | Found a sparkling altar of Nemelex Xobeh.
  5565 | D:6      | Found an ancient bone altar of Kikubaaqudgha.
  5869 | D:7      | Reached ** piety under Okawaru
  6605 | D:7      | Reached *** piety under Okawaru
  6798 | D:8      | Noticed Pikel
  6986 | D:8      | Killed Pikel
  6986 | D:8      | Received a gift from Okawaru
  6987 | D:8      | Reached XP level 10. HP: 66/86 MP: 10/10
  7041 | D:8      | Noticed an elephant
  7144 | D:8      | Reached skill level 15 in Axes
  7153 | D:8      | Reached **** piety under Okawaru
  7410 | D:7      | Killed an elephant
  7411 | D:7      | Reached skill level 5 in Throwing
  7840 | D:8      | Received a gift from Okawaru
  7868 | D:8      | Reached skill level 1 in Invocations
  7964 | D:8      | Found a staircase to the Lair.
  8057 | D:8      | Found a sacrificial altar of Ru.
  8358 | D:9      | Received a gift from Okawaru
  8359 | D:9      | Reached XP level 11. HP: 28/99 MP: 6/14
  8711 | D:9      | Reached skill level 10 in Fighting
  8717 | D:9      | Reached skill level 5 in Invocations
  9112 | D:9      | Identified the +13 crystal plate armour of Ygoyptif {rF+
                  | Regen+ Dex+3}
  9115 | D:9      | Noticed a purple ugly thing
  9125 | D:9      | Killed a purple ugly thing
  9129 | D:9      | Noticed a five-headed hydra
  9140 | D:9      | Killed a five-headed hydra
  9140 | D:9      | Noticed a centaur warrior
  9149 | D:9      | Killed a centaur warrior
  9238 | D:9      | Noticed a centaur warrior
  9247 | D:9      | Killed a centaur warrior
  9248 | D:9      | Reached skill level 10 in Invocations
  9485 | D:9      | Noticed a manticore
  9496 | D:9      | Killed a manticore
  9496 | D:9      | Reached ***** piety under Okawaru
  9496 | D:9      | Received a gift from Okawaru
  9916 | D:9      | Found a roughly hewn altar of Beogh.
  9916 | D:9      | Found the +7 staff of the Meek {protect, meekguard}
 10177 | D:9      | Noticed a centaur warrior
 10208 | D:9      | Killed a centaur warrior
 10208 | D:9      | Received a gift from Okawaru
 10226 | D:9      | Reached skill level 5 in Armour
 10560 | D:10     | Entered Level 10 of the Dungeon
 10695 | D:10     | Reached XP level 12. HP: 103/106 MP: 18/21
 10699 | D:10     | Reached skill level 1 in Evocations
 10752 | D:10     | Found a shimmering altar of Xom.
 11129 | D:10     | Received a gift from Okawaru
 11400 | D:10     | Found the +7 captain's cutlass {speed, disarm}
 11543 | D:10     | Noticed a sun demon
 11622 | D:10     | Found a bloodstained altar of Trog.
 11983 | D:11     | Reached XP level 13. HP: 113/113 MP: 22/22
 11984 | D:11     | Reached skill level 5 in Evocations
 11984 | D:11     | Reached XP level 14. HP: 122/122 MP: 23/23
 12049 | D:11     | Found a staircase to the Orcish Mines.
 13314 | Lair:1   | Entered Level 1 of the Lair of Beasts
 13478 | Lair:1   | Received a gift from Okawaru
 13486 | Lair:1   | Found a transporter.
 13954 | Lair:1   | Found a transporter.
 14442 | Lair:2   | Received a gift from Okawaru
 15064 | Lair:2   | Found a staircase to the Swamp.
 15531 | Lair:3   | Found a staircase to the Snake Pit.
 16010 | Lair:3   | Reached skill level 10 in Dodging
 16024 | Lair:3   | Reached XP level 15. HP: 129/136 MP: 19/24
 16716 | Lair:4   | Identified the +1 scimitar "Gaudoh" {heavy, rPois rC- Will+
                  | rCorr}
 16764 | Lair:4   | Noticed Urug
 16781 | Lair:4   | Killed Urug
 17319 | Lair:4   | Received a gift from Okawaru
 17728 | Lair:5   | Entered Level 5 of the Lair of Beasts
 17752 | Lair:4   | Received a gift from Okawaru
 17814 | Lair:5   | Reached skill level 15 in Fighting
 17882 | Lair:5   | Identified the +1 scale mail "Xubeg" {Int+3 Dex+4 Stlth+}
                  | (Okawaru gifted it to you on level 5 of the Lair of Beasts)
 17882 | Lair:5   | Received a gift from Okawaru
 19040 | Lair:5   | Found a staircase to the Slime Pits.
 19042 | Lair:5   | Found a viscous altar of Jiyva.
 19709 | Lair:5   | Received a gift from Okawaru
 19751 | Lair:5   | Identified the +4 pair of gloves "Otykh" {rElec rF+ rC+++}
                  | (Okawaru gifted it to you on level 5 of the Lair of Beasts)
 19751 | Lair:5   | Received a gift from Okawaru
 19780 | Lair:5   | Reached XP level 16. HP: 149/149 MP: 25/25
 19791 | Lair:5   | Identified the ring "Yrchantaq" {rPois rN+ rCorr Dex-3}
 20485 | D:12     | Noticed Erolcha
 20489 | Abyss:1  | Cast into level 1 of the Abyss (Erolcha)
 20514 | Abyss:1  | Found a corrupted altar of Lugonu.
 20524 | Abyss:1  | Found a corrupted altar of Lugonu.
 20525 | Abyss:1  | Found a corrupted altar of Lugonu.
 20722 | Abyss:1  | Found a corrupted altar of Lugonu.
 20736 | Abyss:1  | Found a corrupted altar of Lugonu.
 20736 | Abyss:1  | Found a corrupted altar of Lugonu.
 20806 | Abyss:1  | Noticed a dread lich
 20815 | Abyss:1  | Paralysed by a dread lich for 4 turns
 20827 | Abyss:1  | Killed a dread lich
 20841 | Abyss:1  | Noticed a tentacled starspawn
 20860 | Abyss:1  | Killed a tentacled starspawn
 20862 | D:12     | Escaped the Abyss
 20869 | D:12     | Killed Erolcha
 20995 | D:12     | Found a portal to a secret trove of treasure.
 21225 | Orc:1    | Entered Level 1 of the Orcish Mines
 21231 | Orc:1    | Noticed Nergalle
 21240 | Orc:1    | Killed Nergalle
 21309 | Orc:2    | Entered Level 2 of the Orcish Mines
 21321 | Orc:2    | Reached skill level 10 in Armour
 21329 | Orc:2    | Found Zudib's Jewellery Shop.
 21333 | Orc:2    | Found a flickering gateway to a bazaar.
 21336 | Orc:2    | Found Goniupt's Assorted Antiques.
 21361 | Orc:2    | Found a staircase to the Elven Halls.
 21435 | Bazaar   | Entered a bazaar
 21435 | Bazaar   | Found Olynto's Antique Armour Emporium.
 21435 | Bazaar   | Found Pigom's Magic Scroll Shoppe.
 21435 | Bazaar   | Found Poitsy's Book Emporium.
 21437 | Bazaar   | Found Opsutzol's General Store.
 21451 | Bazaar   | Bought a pitted tower shield for 370 gold pieces
 21451 | Bazaar   | Identified the +0 tower shield "Let Zerr" {rN++ Will- Str+2
                  | Int+4 Dex+3} (You bought it in a shop in a bazaar)
 21454 | Bazaar   | Bought a scroll of poison for 76 gold pieces
 21454 | Bazaar   | Bought 3 scrolls of brand weapon for 541 gold pieces
 21454 | Bazaar   | Bought a scroll of vulnerability for 76 gold pieces
 21454 | Bazaar   | Bought a scroll of teleportation for 57 gold pieces
 21454 | Bazaar   | Bought a scroll of poison for 76 gold pieces
 21454 | Bazaar   | Bought a scroll of immolation for 76 gold pieces
 21632 | Orc:2    | Found a runed translucent door.
 21656 | Orc:2    | Found Ycluo's Magic Scroll Shop.
 21818 | Orc:2    | Found an ancient bone altar of Kikubaaqudgha.
 21835 | Orc:2    | Found Wutaeg's Antique Weapon Shop.
 21870 | Orc:2    | Found a radiant altar of Vehumet.
 21876 | Orc:2    | Paralysed by an ogre mage for 5 turns
 21934 | Orc:2    | Found Dotuas's Distillery.
 21970 | Orc:2    | Found a roughly hewn altar of Beogh.
 21971 | Orc:2    | Paralysed by an orc sorcerer for 5 turns
 22015 | Orc:2    | Found Ylelut's Antique Armour Shop.
 22024 | Orc:2    | Found Bacex's Jewellery Boutique.
 22405 | Orc:2    | Found a roughly hewn altar of Beogh.
 22411 | Orc:2    | Identified the +1 robe "Sompatte" {Str+3}
 22463 | Orc:2    | Bought the ring "Duyrish" {rPois rCorr MP+9 Str+7 Int-4}
                  | for 431 gold pieces
 22896 | D:13     | Found a gate to the Vaults.
 22904 | D:13     | Received a gift from Okawaru
 22995 | D:13     | Found a runed translucent gate.
 22995 | D:13     | Found a runed translucent gate.
 22995 | D:13     | Found a runed translucent gate.
 22997 | D:13     | Found an ancient bone altar of Kikubaaqudgha.
 22997 | D:13     | Noticed a lich
 22997 | D:13     | Noticed a lich
 22997 | D:13     | Noticed a lich
 22998 | D:13     | Noticed Lobster4's ghost (journeyman DEEE)
 22998 | D:13     | Noticed a lich
 23372 | D:14     | Received a gift from Okawaru
 23577 | D:14     | You fall into a shaft and drop 1 floor!
 23577 | D:15     | Entered Level 15 of the Dungeon
 23606 | D:15     | Received a gift from Okawaru
 23657 | D:15     | Reached skill level 10 in Shields
 23674 | D:15     | Reached XP level 17. HP: 90/156 MP: 26/26
 23795 | D:15     | Found a staircase to the Depths.
 23826 | D:15     | Reached skill level 10 in Evocations
 24202 | D:15     | Found a shimmering blue altar of Sif Muna.
 24539 | D:14     | Found a roughly hewn altar of Beogh.
 25366 | Snake:1  | Entered Level 1 of the Snake Pit
 25395 | Snake:1  | Reached skill level 10 in Throwing
 25520 | Snake:1  | Received a gift from Okawaru
 25807 | Snake:1  | Received a gift from Okawaru
 25873 | Snake:1  | Received a gift from Okawaru
 26485 | Snake:2  | Found Ruaquci's Armour Boutique.
 26485 | Snake:2  | Found Arekkodd's Jewellery Shop.
 26995 | Snake:2  | Found Geaddol's Book Boutique.
 27526 | Snake:3  | Reached XP level 18. HP: 143/163 MP: 27/27
 27931 | Snake:4  | Entered Level 4 of the Snake Pit
 28032 | Snake:4  | Identified the +0 chain mail of the Bruised Leylines {Dex+4
                  | SInv} (Okawaru gifted it to you on level 4 of the Snake
                  | Pit)
 28032 | Snake:4  | Received a gift from Okawaru
 28107 | Snake:4  | Noticed Vashnia
 28136 | Snake:4  | Killed Vashnia
 28421 | Snake:4  | Found Vocy Arph's Book Shoppe.
 28422 | Snake:4  | Found Efiahawn's Jewellery Shop.
 28422 | Snake:4  | Found Doubb's Jewellery Shop.
 28558 | Snake:4  | Found Zomutz's Neck Hole.
 28791 | Snake:4  | Reached ****** piety under Okawaru
 28801 | Snake:4  | Got a serpentine rune of Zot
 28971 | Snake:4  | Received a gift from Okawaru
 29080 | Snake:4  | Identified the +1 robe "Sais" {Stlth+} (Okawaru gifted it
                  | to you on level 4 of the Snake Pit)
 29080 | Snake:4  | Received a gift from Okawaru
 29117 | Arena    | Entered the Arena
 29708 | Snake:4  | Identified the +5 scale mail of Resilience {Str+2}
 29935 | Swamp:1  | Entered Level 1 of the Swamp
 30093 | Orc:2    | Bought a ring of flight for 175 gold pieces
 30235 | Orc:1    | Paralysed by an orc sorcerer for 5 turns
 30273 | Orc:1    | Noticed Gastronok
 30282 | Orc:1    | Killed Gastronok
 30444 | Orc:1    | Found a roughly hewn altar of Beogh.
 30832 | Swamp:1  | Reached skill level 15 in Shields
 30863 | Swamp:1  | Reached XP level 19. HP: 160/170 MP: 28/28
 30992 | Swamp:1  | Reached skill level 15 in Throwing
 31415 | Swamp:2  | Noticed Mlioglotl
 31433 | Swamp:1  | Killed Mlioglotl
 31485 | Swamp:2  | Received a gift from Okawaru
 31571 | Swamp:2  | Received a gift from Okawaru
 31665 | Swamp:2  | Identified the +1 dagger of Diet Blood {freeze, rCorr MP+9
                  | Dex+3}
 31804 | Swamp:2  | Found a bloodstained altar of Trog.
 32702 | Swamp:4  | Entered Level 4 of the Swamp
 32734 | Swamp:4  | Received a gift from Okawaru
 32847 | Swamp:4  | Identified the +5 ring mail of Ahoz {rN++}
 32864 | Swamp:4  | Received a gift from Okawaru
 33177 | Swamp:4  | Received a gift from Okawaru
 33321 | Swamp:4  | Noticed a bone dragon
 33332 | Swamp:4  | Killed a bone dragon
 33350 | Swamp:4  | Got a decaying rune of Zot
 33821 | Snake:4  | Bought the macabre finger necklace {Finger+ rN+} for 560
                  | gold pieces
 33821 | Snake:4  | Bought the ring of Idifetsu {Contam rElec rPois rF+ Will++}
                  | for 691 gold pieces
 33821 | Snake:4  | Found the macabre finger necklace {Finger+ rN+}
 34273 | Elf:1    | Entered Level 1 of the Elven Halls
 34286 | Elf:1    | Received a gift from Okawaru
 34331 | Elf:1    | Identified the +6 war axe "Efoanoom" {speed, Fragile rF+
                  | Int+2}
 34588 | Elf:1    | Noticed Kirke
 34603 | Elf:1    | Killed Kirke
 34625 | Elf:1    | Found Noitwe Qocad's Antique Weapon Shoppe.
 34629 | Elf:1    | Found Feap's Distillery.
 34638 | Elf:1    | Received a gift from Okawaru
 34846 | Elf:1    | Found Xuog Ane's Weapon Shop.
 35049 | Elf:1    | Found Coicefa's Book Shop.
 35152 | Elf:1    | Reached XP level 20. HP: 183/183 MP: 29/29
 35197 | Elf:1    | Paralysed by an air elemental for 1 turns
 35200 | Elf:1    | Paralysed by an air elemental for 1 turns
 35560 | Elf:2    | Received a gift from Okawaru
 35783 | Elf:2    | Found Yschull's Assorted Antiques.
 35935 | Elf:2    | Found a huge runed translucent gate.
 35935 | Elf:2    | Found a huge runed translucent gate.
 35935 | Elf:2    | Found a huge runed translucent gate.
 35935 | Elf:2    | Found a huge runed translucent gate.
 35935 | Elf:2    | Found a huge runed translucent gate.
 36134 | Elf:3    | Entered Level 3 of the Elven Halls
 36241 | Elf:3    | Found Xotui's Assorted Antiques.
 36409 | Elf:3    | Paralysed by an air elemental for 1 turns
 36698 | Abyss:2  | Cast into level 2 of the Abyss (a deep elf sorcerer)
 36748 | Abyss:3  | Received a gift from Okawaru
 36766 | Abyss:3  | Got an abyssal rune of Zot
 36792 | Elf:3    | Escaped the Abyss
 37357 | Elf:3    | Identified the +1 war axe "Spiderbane" {freeze, *Rage rElec
                  | rCorr}
 37359 | Elf:3    | Received a gift from Okawaru
 37498 | Elf:3    | Identified the +1 dagger "Hasothroj" {drain, rF+ rCorr
                  | Str+3}
 37562 | Elf:3    | Identified the amulet of Megalomania {Faith Fly Dex+3}
 37663 | Elf:3    | Identified the +5 falchion of the Sky {drain, *Corrode
                  | rElec Dex+4}
 37674 | Elf:3    | Identified the +5 dagger "Demonslayer" {flame, rPois}
 37851 | Elf:3    | Bought a potion of cancellation for 312 gold pieces
 37959 | Elf:2    | Bought a potion of haste for 250 gold pieces
 38025 | Elf:1    | Bought a potion of heal wounds for 70 gold pieces
 38025 | Elf:1    | Bought a potion of heal wounds for 70 gold pieces
 38025 | Elf:1    | Bought a potion of heal wounds for 70 gold pieces
 38025 | Elf:1    | Bought a potion of haste for 140 gold pieces
 38025 | Elf:1    | Bought a potion of heal wounds for 70 gold pieces
 38214 | Vaults:1 | Entered Level 1 of the Vaults
 38301 | Vaults:1 | Reached XP level 21. HP: 114/199 MP: 30/30
 38466 | Vaults:1 | Identified the +7 dagger of the Maze {pain, rElec Dex+2}
 39060 | Vaults:1 | Found a transporter.
 39415 | Vaults:2 | Found Duomior's Armour Emporium.
 39682 | Vaults:2 | Found Dipoi's Weapon Boutique.
 39846 | Vaults:2 | Received a gift from Okawaru
 39936 | Vaults:2 | Identified the +10 crystal plate armour "Dousajuk" {Will+++
                  | Str+3 Int-2 Dex+3} (Okawaru gifted it to you on level 2 of
                  | the Vaults)
 39936 | Vaults:2 | Received a gift from Okawaru
 40749 | Vaults:2 | Reached XP level 22. HP: 192/209 MP: 31/31
 40882 | Vaults:2 | Found Bacrokkif's Armour Emporium.
 41569 | Vaults:3 | Received a gift from Okawaru
 41666 | Vaults:3 | Identified the ring "Aduaf" {+Blink rPois}
 41784 | Vaults:3 | Found a staircase to the Crypt.
 41943 | Vaults:3 | Identified the +2 pair of gloves of Lifelessness {rPois
                  | Regen+ Int+3 Stlth-}
 42027 | Arena    | Entered the Arena
 42215 | Vaults:3 | Noticed Sojobo
 42229 | Vaults:3 | Killed Sojobo
 42406 | Vaults:3 | Received a gift from Okawaru
 42560 | Vaults:4 | Found a magical portal.
 42572 | Vaults:4 | Noticed Mara
 42582 | WizLab   | Entered Borgnjor's Mausoleum
 42702 | WizLab   | Received a gift from Okawaru
 42703 | WizLab   | Reached skill level 15 in Armour
 42928 | WizLab   | Reached XP level 23. HP: 189/211 MP: 32/32
 42943 | WizLab   | Received a gift from Okawaru
 43197 | Vaults:4 | Noticed themarg's illusion
 43216 | Vaults:4 | Killed Mara
 43309 | Vaults:4 | Identified the +5 hand axe "Giupheaw" {speed, rC+ Int+3}
 43443 | Vaults:4 | Noticed Margery
 43459 | Vaults:4 | Killed Margery
 43572 | Vaults:4 | Reached skill level 15 in Dodging
 43952 | Vaults:4 | Received a gift from Okawaru
 44319 | Crypt:1  | Entered Level 1 of the Crypt
 44760 | Slime:1  | Entered Level 1 of the Pits of Slime
 44823 | Slime:2  | Noticed Dissolution
 44832 | Slime:2  | Killed Dissolution
 44928 | Slime:2  | Received a gift from Okawaru
 45052 | Slime:4  | Gained mutation: You are frail. (-10% HP) [a shining eye]
 45085 | Slime:5  | Entered Level 5 of the Pits of Slime
 45184 | Slime:5  | Received a gift from Okawaru
 45219 | Slime:5  | Found a viscous altar of Jiyva.
 45220 | Slime:5  | Noticed the Royal Jelly
 45251 | Slime:5  | Received a gift from Okawaru
 45448 | Slime:5  | Killed the Royal Jelly
 45455 | Slime:5  | Found the +8 Vampire's Tooth {megavamp}
 45578 | Slime:5  | Identified the +8 short sword "Qaoxag" {freeze, Dex+3 SInv
                  | Stlth+}
 45581 | Slime:5  | Identified the +2 plate armour of Blue Fun {Harm rPois
                  | Int+3}
 45582 | Slime:5  | Identified the +6 falchion of Dividends {drain, *Corrode
                  | Fly Will+ Str+3}
 45613 | Slime:5  | Got a slimy rune of Zot
 45670 | Slime:5  | Identified the ring "Congat" {Ice rN+ Dex+3 Slay+3 SInv}
 46682 | Depths:1 | Entered Level 1 of the Depths
 46693 | Depths:1 | Received a gift from Okawaru
 46759 | Depths:1 | Reached XP level 24. HP: 201/201 MP: 32/32
 46864 | Depths:1 | Reached skill level 15 in Evocations
 46935 | Depths:1 | Identified the +1 scale mail of Vuynat {Str-4 Int+3}
                  | (Okawaru gifted it to you on level 1 of the Depths)
 46935 | Depths:1 | Received a gift from Okawaru
 46981 | Depths:1 | Found a gateway to Hell.
 47154 | Depths:1 | Found a one-way gate to the infinite horrors of the Abyss.
 47758 | Depths:2 | Found a white marble altar of Elyvilon.
 47827 | Depths:2 | Found a one-way gateway to a ziggurat.
 48486 | Depths:2 | Found a one-way gate leading to the halls of Pandemonium.
 48694 | Depths:3 | Noticed Saint Roka
 48868 | Abyss:3  | Cast into level 3 of the Abyss (rakshasa)
 48876 | Depths:3 | Escaped the Abyss
 48885 | Depths:3 | Killed Saint Roka
 48895 | Depths:3 | Received a gift from Okawaru
 49085 | Depths:3 | Found a radiant altar of Vehumet.
 49509 | Depths:3 | Noticed a juggernaut
 49540 | Depths:3 | Killed a juggernaut
 49910 | Depths:4 | Entered Level 4 of the Depths
 49914 | Depths:4 | Noticed a caustic shrike
 49914 | Depths:4 | Noticed a caustic shrike
 49914 | Depths:4 | Noticed a caustic shrike
 49915 | Depths:4 | Noticed a caustic shrike
 49927 | Depths:4 | Killed a caustic shrike
 49928 | Depths:4 | Reached XP level 25. HP: 207/210 MP: 32/32
 50097 | Depths:4 | Found Kyot's Armour Boutique.
 50257 | Depths:4 | Received a gift from Okawaru
 50344 | Depths:4 | Noticed a juggernaut
 50352 | Depths:4 | Killed a juggernaut
 50402 | Depths:4 | Received a gift from Okawaru
 50801 | Depths:4 | Found Teafiyzopu's Fire Supplies.
 50967 | Depths:4 | Found a gate to the Realm of Zot.
 51233 | Vaults:5 | Entered Level 5 of the Vaults
 51286 | Vaults:5 | Noticed a dread lich
 51289 | Vaults:5 | Identified the +5 scimitar of Fovoergh {flame, Int+4}
 51298 | Vaults:5 | Paralysed by a dread lich for 4 turns
 51302 | Vaults:5 | HP: 4/213 [vault guard/+1 broad axe[a vault warden] (8)]
 51303 | Arena    | Entered the Arena
 51343 | Vaults:5 | Killed a dread lich
 51483 | Vaults:5 | Identified the amulet "Lourph" {RegenMP rElec rPois Str-4
                  | Int+2}
 51567 | Vaults:5 | Identified the amulet of Xom's Bemusement {Spirit Dex+4}
 51743 | Vaults:5 | Received a gift from Okawaru
 51763 | Vaults:5 | Found Xafah's Magic Scroll Shoppe.
 51805 | Vaults:5 | Bought a scroll of magic mapping for 157 gold pieces
 51805 | Vaults:5 | Bought a scroll of fog for 84 gold pieces
 51805 | Vaults:5 | Bought a scroll of silence for 199 gold pieces
 51805 | Vaults:5 | Bought a scroll of fog for 84 gold pieces
 51805 | Vaults:5 | Bought a scroll of teleportation for 63 gold pieces
 51805 | Vaults:5 | Bought a scroll of teleportation for 63 gold pieces
 51953 | Vaults:5 | Noticed an ancient lich
 51957 | Vaults:5 | Reached XP level 26. HP: 63/223 MP: 32/32
 51957 | Arena    | Entered the Arena
 52004 | Vaults:5 | Killed an ancient lich
 52287 | Vaults:5 | Noticed a dread lich
 52292 | Vaults:5 | Received a gift from Okawaru
 52298 | Vaults:5 | Killed a dread lich
 52335 | Vaults:5 | Got a silver rune of Zot
 52673 | Vaults:5 | Identified the +1 robe of Infinity {Regen+ Dex+2 Slay+2}
 52734 | Vaults:5 | Identified the +4 short sword of the Middle {flame, rF+}
 53134 | Vaults:5 | Noticed an ancient lich
 53141 | Vaults:5 | Killed an ancient lich
 53431 | Vaults:5 | Found Xafah's Magic Scroll Shoppe.
 54076 | Zot:1    | Entered Level 1 of the Realm of Zot
 54129 | Zot:1    | Noticed Grunn
 54148 | Zot:1    | Killed Grunn
 54218 | Zot:1    | You are sucked into a shaft and drop 1 floor!
 54414 | Zot:1    | Identified the +0 pair of gloves of Vlad {Harm rF+ Int+3}
 54803 | Zot:2    | Identified the +5 shortbow "Gomp" {heavy, rPois rF+ rN+
                  | Int-5}
 54855 | Zot:2    | Identified the +7 halberd "Qovuom" {vamp, rN+ Will+++
                  | Dex-2}
 55021 | Zot:2    | Received a gift from Okawaru
 55145 | Zot:2    | Found an ancient bone altar of Kikubaaqudgha.
 55274 | Zot:2    | Noticed an orb of fire
 55275 | Zot:2    | Received a gift from Okawaru
 55284 | Zot:2    | Gained mutation: You are weak. (Str -2) [an orb of fire]
 55290 | Zot:2    | Killed an orb of fire
 55290 | Zot:2    | Received a gift from Okawaru
 55723 | Zot:3    | Received a gift from Okawaru
 55909 | Zot:3    | Reached XP level 27. HP: 188/234 MP: 30/32
 56976 | Zot:4    | Noticed an orb of fire
 56993 | Zot:4    | Killed an orb of fire
 56993 | Zot:4    | Received a gift from Okawaru
 56993 | Zot:4    | Found the +5 robe of Night {Dark Will+ SInv}
 58049 | Zot:5    | Entered Level 5 of the Realm of Zot
 59260 | Zot:5    | Noticed a dread lich
 59534 | Zot:5    | Noticed an ancient lich
 59549 | Zot:5    | Noticed an orb of fire
 59549 | Zot:5    | Noticed an orb of fire
 59553 | Zot:5    | Noticed a dread lich
 59554 | Zot:5    | Noticed an ancient lich
 59556 | Zot:5    | Noticed a dread lich
 59557 | Zot:5    | Killed an orb of fire
 59557 | Zot:5    | Received a gift from Okawaru
 59558 | Zot:5    | Killed an ancient lich
 59559 | Zot:5    | Noticed an orb of fire
 59559 | Zot:5    | Noticed an ancient lich
 59559 | Zot:5    | Noticed a dread lich
 59561 | Zot:5    | Noticed a dread lich
 59561 | Zot:5    | Noticed an ancient lich
 59569 | Arena    | Entered the Arena
 59819 | Zot:5    | Killed a dread lich
 59864 | Zot:5    | Killed a dread lich
 59923 | Zot:5    | Killed an ancient lich
 59923 | Zot:5    | Received a gift from Okawaru
 59968 | Zot:5    | Killed an ancient lich
 60080 | Arena    | Entered the Arena
 60102 | Zot:5    | Killed a dread lich
 60132 | Zot:5    | Killed an ancient lich
 60218 | Zot:5    | Killed a dread lich
 60782 | Zot:5    | Received a gift from Okawaru
 61089 | Zot:5    | Killed a dread lich
 61514 | Zot:5    | Noticed a dread lich
 61531 | Zot:5    | Killed a dread lich
 61656 | Zot:5    | Killed an orb of fire
 61850 | Zot:5    | Gained mutation: You are vulnerable to cold. (rC-) [an orb
                  | of fire]
 61861 | Zot:5    | Killed an orb of fire
 61871 | Zot:5    | Lost mutation: You are vulnerable to cold. (rC-) [potion of
                  | mutation]
 61871 | Zot:5    | Lost mutation: You are weak. (Str -2) [potion of mutation]
 61871 | Zot:5    | Lost mutation: You are frail. (-10% HP) [potion of
                  | mutation]
 61871 | Zot:5    | Gained mutation: Your mind is acute. (Int +4, Str/Dex -1)
                  | [potion of mutation]
 61871 | Zot:5    | Gained mutation: You have an increased reservoir of magic.
                  | (+10% MP) [potion of mutation]
 61871 | Zot:5    | Lost mutation: You have an increased reservoir of magic.
                  | (+10% MP) [potion of mutation]
 62556 | Temple   | Fell from the grace of Okawaru
 62556 | Temple   | Became a worshipper of the Shining One
 63103 | Orc:2    | Bought a scroll of summoning for 133 gold pieces
 63103 | Orc:2    | Bought a scroll of magic mapping for 105 gold pieces
 63103 | Orc:2    | Bought a scroll of teleportation for 42 gold pieces
 63103 | Orc:2    | Bought a scroll of teleportation for 42 gold pieces
 63135 | Orc:2    | Bought 2 potions of haste for 220 gold pieces
 63135 | Orc:2    | Bought a potion of heal wounds for 55 gold pieces
 63135 | Orc:2    | Bought a potion of might for 44 gold pieces
 63135 | Orc:2    | Bought 2 potions of ambrosia for 176 gold pieces
 63135 | Orc:2    | Bought a potion of might for 44 gold pieces
 63135 | Orc:2    | Bought 2 potions of lignification for 66 gold pieces
 63157 | Orc:2    | Bought a scroll of magic mapping for 187 gold pieces
 63157 | Orc:2    | Bought a scroll of magic mapping for 187 gold pieces
 63461 | Crypt:1  | Reached * piety under the Shining One
 63642 | Crypt:1  | Reached ** piety under the Shining One
 63780 | Crypt:1  | Noticed Donald
 63786 | Crypt:1  | Killed Donald
 63836 | Crypt:1  | Reached *** piety under the Shining One
 64089 | Crypt:1  | Identified the +8 falchion "Tuthreale" {heavy, rN+ Dex+4}
 64313 | Crypt:2  | Reached **** piety under the Shining One
 64379 | Crypt:2  | Reached skill level 15 in Invocations
 64501 | Crypt:2  | Reached ***** piety under the Shining One
 64733 | Crypt:2  | Found a large runed translucent door.
 64733 | Crypt:2  | Found a large runed translucent door.
 64736 | Crypt:2  | Noticed Katt's ghost (adept MiFi)
 64962 | Crypt:2  | Found a shimmering blue altar of Sif Muna.
 64987 | Crypt:2  | Identified the amulet of Reimbursement {RegenMP Dex+2}
 65099 | Crypt:2  | Got the Codex of the Throng
 65170 | Crypt:2  | Killed Katt's ghost
 65175 | Crypt:2  | Identified the +1 plate armour of Geosh {Dex+6}
 65210 | Crypt:3  | Entered Level 3 of the Crypt
 65210 | Crypt:3  | Reached ****** piety under the Shining One
 65848 | Crypt:3  | Found a staircase to the Tomb.
 66323 | Crypt:3  | Found a basalt altar of Yredelemnul.
 66327 | Crypt:3  | Found an ancient bone altar of Kikubaaqudgha.
 66353 | Crypt:3  | Found the +13 scythe of Curses {drain, curses, Drain}
 66407 | Crypt:3  | Identified the +2 great sword "Vefyrargh" {freeze, +Blink
                  | rElec rN+ Stlth-}
 66694 | D:13     | Killed Lobster4's ghost
 66707 | D:13     | Identified the +1 helmet "Bimpeyf" {Will+ Stlth+}
 66710 | D:13     | Identified the ring "Wochaqyr" {rN+ Dex+6}
 66875 | Pan      | Entered Pandemonium
 67124 | Pan      | Noticed Gaxe the pandemonium lord
 67146 | Pan      | Killed Gaxe the pandemonium lord
 67386 | Pan      | Noticed Fuij Jeu the pandemonium lord
 67676 | Pan      | Noticed Lallonk the pandemonium lord
 67687 | Pan      | Killed Lallonk the pandemonium lord
 67848 | Pan      | Entered the realm of Mnoleg.
 67914 | Pan      | Gained mutation: You are frail. (-10% HP) [a cacodemon]
 68042 | Pan      | Gained mutation: You are very frail. (-20% HP) [a neqoxec]
 68370 | Pan      | Gained mutation: You are clumsy. (Dex -2) [a neqoxec]
 68521 | Pan      | Noticed Mnoleg
 68526 | Pan      | Gained mutation: You sometimes lose your temper in combat.
                  | [a neqoxec]
 68531 | Pan      | Killed Mnoleg
 68667 | Pan      | Got a glowing rune of Zot
 68845 | Pan      | Lost mutation: You are very frail. (-20% HP) [potion of
                  | mutation]
 68845 | Pan      | Lost mutation: You sometimes lose your temper in combat.
                  | [potion of mutation]
 68845 | Pan      | Gained mutation: You have a somewhat thin skeletal
                  | structure. (Dex +2, Stealth+) [potion of mutation]
 68845 | Pan      | Gained mutation: Your spells are a little easier to cast,
                  | but a little less powerful. [potion of mutation]
 68845 | Pan      | Gained mutation: Your mind is very acute. (Int +8, Str/Dex
                  | -2) [potion of mutation]
 68846 | Pan      | Lost mutation: You are clumsy. (Dex -2) [potion of
                  | mutation]
 68846 | Pan      | Lost mutation: You have a somewhat thin skeletal structure.
                  | (Dex +2, Stealth+) [potion of mutation]
 68846 | Pan      | Gained mutation: You have supernaturally acute eyesight.
                  | (SInv) [potion of mutation]
 68846 | Pan      | Gained mutation: You have a pair of small horns on your
                  | head. [potion of mutation]
 68847 | Pan      | Lost mutation: Your spells are a little easier to cast, but
                  | a little less powerful. [potion of mutation]
 68847 | Pan      | Lost mutation: You are frail. (-10% HP) [potion of
                  | mutation]
 68847 | Pan      | Lost mutation: You have a pair of small horns on your head.
                  | [potion of mutation]
 68847 | Pan      | Lost mutation: Your mind is very acute. (Int +8, Str/Dex
                  | -2) [potion of mutation]
 68847 | Pan      | Gained mutation: You are robust. (+10% HP) [potion of
                  | mutation]
 68942 | Pan      | Noticed Ogaom the pandemonium lord
 68954 | Pan      | Killed Ogaom the pandemonium lord
 69037 | Pan      | Identified the +4 shortbow of the Horn {flame, Fly rElec
                  | Int+3}
 69105 | Pan      | Noticed Mennas
 69124 | Pan      | Killed Mennas
 69126 | Pan      | Noticed Dageijeqi the pandemonium lord
 69539 | Pan      | Was forgiven by Okawaru
 69865 | Pan      | Noticed Ewe Cou the pandemonium lord
 69870 | Pan      | Killed Ewe Cou the pandemonium lord
 69919 | Pan      | Got a demonic rune of Zot
 69925 | Pan      | Reached skill level 27 in Invocations
 70126 | Pan      | Lost mutation: Your mind is acute. (Int +4, Str/Dex -1) [a
                  | neqoxec]
 70144 | Pan      | Noticed Neggaghu the pandemonium lord
 70168 | Pan      | Killed Neggaghu the pandemonium lord
 70241 | Pan      | Entered the realm of Gloorx Vloq.
 70244 | Pan      | Noticed Gloorx Vloq
 70277 | Pan      | Killed Gloorx Vloq
 70395 | Pan      | Got a dark rune of Zot
 70708 | Pan      | Noticed Tenifor the pandemonium lord
 70727 | Pan      | Killed Tenifor the pandemonium lord
 70955 | Pan      | Entered the realm of Cerebov.
 70981 | Pan      | Found an exit through the horrors of the Abyss.
 71201 | Pan      | Found the +6 sword of Cerebov {flame}
 71201 | Pan      | Noticed Cerebov
 71223 | Pan      | Killed Cerebov
 71243 | Pan      | Got a fiery rune of Zot
 71313 | Pan      | Gained mutation: You occasionally lose the ability to drink
                  | potions when taking damage. [a cacodemon]
 71315 | Pan      | Gained mutation: Your spells are a little easier to cast,
                  | but a little less powerful. [a cacodemon]
 71316 | Pan      | Gained mutation: You are resistant to electric shocks.
                  | (rElec) [a cacodemon]
 71338 | Pan      | Lost mutation: You occasionally lose the ability to drink
                  | potions when taking damage. [potion of mutation]
 71338 | Pan      | Lost mutation: Your spells are a little easier to cast, but
                  | a little less powerful. [potion of mutation]
 71338 | Pan      | Lost mutation: You are resistant to electric shocks.
                  | (rElec) [potion of mutation]
 71338 | Pan      | Gained mutation: You are very robust. (+20% HP) [potion of
                  | mutation]
 71589 | Pan      | Entered the realm of Lom Lobon.
 71863 | Pan      | Noticed Lom Lobon
 71897 | Pan      | Killed Lom Lobon
 72013 | Pan      | Got a magical rune of Zot
 73103 | Pan      | Gained mutation: Potions are less effective at restoring
                  | your health. [a cacodemon]
 73107 | Pan      | Gained mutation: Your magical capacity is low. (-10% MP) [a
                  | cacodemon]
 73115 | Pan      | Lost mutation: You are very robust. (+20% HP) [a neqoxec]
 73173 | Pan      | Noticed Bagubir the pandemonium lord
 73294 | Pan      | Killed Bagubir the pandemonium lord
 73361 | Pan      | Identified the +7 scale mail "Editzuke" {Str+4}
 73415 | Depths:2 | Escaped Pandemonium
 73455 | Hell     | Entered the Vestibule of Hell
 73455 | Hell     | Noticed Geryon
 73470 | Hell     | Killed Geryon
 73584 | Hell     | Found a gateway to the ashen valley of Gehenna.
 73799 | Hell     | Found a gateway to the decaying netherworld of Tartarus.
 73892 | Hell     | Found a gateway to the freezing wastes of Cocytus.
 73978 | Hell     | Found a gateway to the Iron City of Dis.
 74083 | Geh:1    | Entered Level 1 of Gehenna
 74859 | Geh:3    | Noticed an ancient lich
 74875 | Geh:3    | Killed an ancient lich
 75773 | Geh:6    | Reached skill level 27 in Fighting
 76027 | Geh:7    | Entered Level 7 of Gehenna
 76969 | Geh:7    | Lost mutation: You have supernaturally acute eyesight.
                  | (SInv) [potion of mutation]
 76969 | Geh:7    | Lost mutation: Your magical capacity is low. (-10% MP)
                  | [potion of mutation]
 76969 | Geh:7    | Gained mutation: You occasionally lose the ability to read
                  | scrolls when taking damage. [potion of mutation]
 76969 | Geh:7    | Gained mutation: You have sharp fingernails. [potion of
                  | mutation]
 77212 | Geh:7    | Identified the +6 spear "Hydrabane" {vamp, rF+ rC+ Int+2
                  | SInv}
 77226 | Geh:7    | Found the +7 sceptre of Asmodeus
 77226 | Geh:7    | Noticed Asmodeus
 77246 | Geh:7    | Killed Asmodeus
 77256 | Geh:7    | Identified the +6 giant spiked club of the Eye-covered God
                  | {flame, Int+5}
 77260 | Geh:7    | Got an obsidian rune of Zot
 77388 | Hell     | Lost mutation: You occasionally lose the ability to read
                  | scrolls when taking damage. [potion of mutation]
 77388 | Hell     | Lost mutation: Potions are less effective at restoring your
                  | health. [potion of mutation]
 77388 | Hell     | Lost mutation: You have sharp fingernails. [potion of
                  | mutation]
 77388 | Hell     | Gained mutation: Your flesh is cold resistant. (rC+)
                  | [potion of mutation]
 77388 | Hell     | Gained mutation: You have hidden genetic potential. [potion
                  | of mutation]
 77388 | Hell     | Gained mutation: Your body sometimes deteriorates upon
                  | taking damage. [potion of mutation]
 77388 | Hell     | Gained mutation: You passively map a small area around you.
                  | [potion of mutation]
 77390 | Coc:1    | Entered Level 1 of Cocytus
 77431 | Coc:1    | Paralysed by a wendigo for 1 turns
 78836 | Coc:5    | Reached skill level 27 in Axes
 79194 | Coc:7    | Entered Level 7 of Cocytus
 79374 | Coc:7    | Paralysed by a wendigo for 1 turns
 79405 | Coc:7    | Gained mutation: You are agile. (Dex +4, Str/Int -1)
                  | [hidden potential]
 79740 | Coc:7    | Paralysed by a wendigo for 1 turns
 80014 | Coc:7    | Paralysed by a wendigo for 1 turns
 80154 | Coc:7    | Noticed Antaeus
 80176 | Coc:7    | Killed Antaeus
 80615 | Coc:7    | Paralysed by a wendigo for 1 turns
 80624 | Coc:7    | Paralysed by a wendigo for 1 turns
 80762 | Coc:7    | Got an icy rune of Zot
 80765 | Coc:7    | Identified the +4 great sword "Vurudi Howu" {freeze, rPois
                  | rC+ Int-3 Dex+3 Stlth+}
 81284 | Orc:2    | Bought the ring "Sosap" {rCorr Str+6 Int+2 Dex+5} for 1012
                  | gold pieces
 81782 | Dis:1    | Entered Level 1 of the Iron City of Dis
 82042 | Dis:1    | Noticed an ancient lich
 82053 | Dis:1    | Killed an ancient lich
 82054 | Dis:1    | Reached skill level 27 in Armour
 82315 | Dis:1    | Found a burning altar of Makhleb.
 82646 | Dis:5    | You are sucked into a shaft and drop 1 floor!
 82688 | Dis:6    | Gained mutation: You are very agile. (Dex +8, Str/Int -2)
                  | [hidden potential]
 82688 | Dis:6    | Lost mutation: You have hidden genetic potential. [hidden
                  | potential expressed]
 82732 | Dis:7    | Entered Level 7 of the Iron City of Dis
 82800 | Dis:7    | Reached skill level 27 in Shields
 82903 | Dis:7    | Noticed a juggernaut
 82917 | Dis:7    | Killed a juggernaut
 82977 | Dis:7    | Noticed the Serpent of Hell
 82980 | Dis:7    | Noticed a juggernaut
 82996 | Dis:7    | Killed a juggernaut
 83007 | Dis:7    | Killed the Serpent of Hell
 83028 | Dis:7    | Noticed a juggernaut
 83035 | Dis:7    | Killed a juggernaut
 83305 | Dis:7    | Found the +4 staff of Dispater
 83305 | Dis:7    | Noticed Dispater
 83324 | Dis:7    | Killed Dispater
 83337 | Dis:7    | Identified the +9 glaive of Regicide {venom, +Blink rF+
                  | Str+5 Dex-3}
 83343 | Dis:7    | Got an iron rune of Zot
 83347 | Dis:7    | Identified the +2 rapier of Lies {heavy, SInv}
 83963 | Snake:4  | Bought a ring of willpower for 300 gold pieces
 84403 | Tar:1    | Entered Level 1 of Tartarus
 85700 | Tar:7    | Entered Level 7 of Tartarus
 85768 | Tar:7    | Noticed a dread lich
 85778 | Tar:7    | Killed a dread lich
 86066 | Tar:7    | Noticed an ancient lich
 86075 | Tar:7    | Killed an ancient lich
 86231 | Tar:7    | Noticed an ancient lich
 86236 | Tar:7    | Killed an ancient lich
 86345 | Tar:7    | Noticed Ereshkigal
 86358 | Tar:7    | Paralysed by Ereshkigal for 5 turns
 86361 | Tar:7    | Killed Ereshkigal
 86444 | Tar:7    | Got a bone rune of Zot
 87669 | Tomb:1   | Entered Level 1 of the Tomb of the Ancients
 88877 | Tomb:2   | Noticed a royal mummy
 88885 | Tomb:2   | Noticed a royal mummy
 88886 | Tomb:2   | Killed a royal mummy
 88892 | Tomb:2   | Noticed a royal mummy
 88894 | Tomb:2   | Killed a royal mummy
 88894 | Tomb:2   | Noticed a royal mummy
 88900 | Tomb:2   | Killed a royal mummy
 88900 | Tomb:2   | Killed a royal mummy
 89321 | Tomb:1   | Noticed a royal mummy
 89322 | Tomb:1   | Noticed a royal mummy
 89323 | Tomb:1   | Noticed a royal mummy
 89325 | Tomb:1   | Noticed a royal mummy
 89326 | Tomb:1   | Noticed a royal mummy
 89328 | Tomb:1   | Killed a royal mummy
 89332 | Tomb:1   | Killed a royal mummy
 89346 | Tomb:1   | Killed a royal mummy
 89346 | Tomb:1   | Killed a royal mummy
 89355 | Tomb:1   | Killed a royal mummy
 89464 | Tomb:1   | Noticed a royal mummy
 89473 | Tomb:1   | Killed a royal mummy
 89614 | Tomb:1   | Noticed a royal mummy
 89615 | Tomb:1   | Noticed a royal mummy
 89615 | Tomb:1   | Noticed a royal mummy
 89622 | Tomb:1   | Killed a royal mummy
 89628 | Tomb:1   | Killed a royal mummy
 89640 | Tomb:1   | Killed a royal mummy
 89640 | Tomb:1   | Lost intelligence.
 89716 | Tomb:1   | Noticed a royal mummy
 89716 | Tomb:1   | Noticed a royal mummy
 89716 | Tomb:1   | Noticed a royal mummy
 89716 | Tomb:1   | Noticed a royal mummy
 89723 | Tomb:1   | Killed a royal mummy
 89733 | Tomb:1   | Killed a royal mummy
 89734 | Tomb:1   | Killed a royal mummy
 89735 | Tomb:1   | Killed a royal mummy
 89978 | Tomb:3   | Entered Level 3 of the Tomb of the Ancients
 89987 | Tomb:3   | Paralysed by a Zot trap for 3 turns
 89989 | Tomb:3   | Gained mutation: Your spells are a little easier to cast,
                  | but a little less powerful. [mutagenic glow]
 90022 | Tomb:3   | Noticed a royal mummy
 90022 | Tomb:3   | Noticed a royal mummy
 90026 | Tomb:3   | Noticed a royal mummy
 90029 | Tomb:3   | Killed a royal mummy
 90031 | Tomb:3   | Killed a royal mummy
 90035 | Tomb:3   | Noticed Khufu
 90036 | Tomb:3   | Killed a royal mummy
 90048 | Tomb:3   | Killed Khufu
 90048 | Tomb:3   | Noticed a royal mummy
 90048 | Tomb:3   | Noticed a royal mummy
 90053 | Tomb:3   | Noticed a royal mummy
 90055 | Tomb:3   | Noticed a royal mummy
 90059 | Tomb:3   | Noticed a royal mummy
 90060 | Tomb:3   | Killed a royal mummy
 90062 | Tomb:3   | Killed a royal mummy
 90064 | Tomb:3   | Killed a royal mummy
 90066 | Tomb:3   | Killed a royal mummy
 90068 | Tomb:3   | Killed a royal mummy
 90177 | Tomb:3   | Found the +11 Singing Sword {sonic wave}
 90253 | Tomb:3   | Identified the ring "Paigef" {Fire Str+4}
 90254 | Tomb:3   | Identified the +1 ring mail of Xom's Wrath {rN++}
 90336 | Tomb:3   | Got a golden rune of Zot
 91265 | Zot:5    | Got the Orb of Zot
 91295 | Zot:5    | Noticed Edonum the pandemonium lord
 91545 | Depths:2 | Noticed Zekid the pandemonium lord
 91881 | D:4      | Noticed Fedyko the pandemonium lord
 91984 | D:$      | Escaped with the Orb!

Illustrated notes

Levels and vault maps discovered:
D:1:      wheals_arrival_shading, layout_loops_corners,
          kennysheep_decorative_pillar
D:2:      minmay_diamond_boxcup, layout_basic, st_stairs_4
D:3:      layout_rooms, serial_bayou, serial_bayou_pond_d, serial_bayou_pond_a,
          serial_bayou_shore_a, serial_bayou_ford_a, minmay_pentomino_pile
D:4:      layout_layer_cave, nicolae_kite_square_tiling_tiny, uniq_sigmund,
          uniq_menkaure
D:5:      layout_gridville, minmay_temple_entry_glass, uniq_duvessa
D:6:      layout_rooms, grunt_gozag_breadcrumbs, grunt_temple_overflow_open,
          nzn_wu_jian_council_hall
D:7:      layout_basic
D:8:      layout_cave_pools, nicolae_ru_path_of_blood, david_lair_generic,
          uniq_pikel
D:9:      nzn_winding_woodlands_stair_cross [nzn_winding_woodlands_5x15_crooked,
          nzn_winding_woodlands_center_diamonds,
          nzn_winding_woodlands_5x15_split_checker,
          nzn_winding_woodlands_5x5_open_star,
          nzn_winding_woodlands_5x5_closed_star,
          nzn_winding_woodlands_5x15_zeroes,
          nzn_winding_woodlands_center_triple_pond,
          nzn_winding_woodlands_5x15_longhouse], layout_cave_pools,
          pf_guarded_unrand_meek
D:10:     layout_roguey [special_room_bee], lemuel_tele_altar,
          marbit_many_paths, serial_bayou, serial_bayou_pond_b,
          serial_bayou_pond_d, serial_bayou_lagoon_a, serial_bayou_lake_a,
          minmay_ruffians
D:11:     layout_stronghold, erik_orc_3
D:12:     layout_roguey, nicolae_trove_entry_crystal, uniq_erolcha
D:13:     layout_basic, grunt_vaults_entry_fortified, gammafunk_ghost_crypt,
          minmay_misc_feat_pillars
D:14:     layout_gridville, special_room [special_room_orc], serial_park_tiny_2
D:15:     grunt_enter_depths_giant_problem, layout_basic,
          chequers_serial_rivers_room_a, lemuel_blue_sif_altar
Temple:   dpeg_chambers_temple
Lair:1:   gammafunk_worm_tunnel, layout_cave_pods, lemuel_fruit_tree,
          infiniplex_staircase_pool_2, grunt_megastairs_2
Lair:2:   layout_cave_pods, minmay_swamp_entry_reptiles, grunt_megastairs_4
Lair:3:   layout_cave_pods, dummy_snake_entry, minivault_27
Lair:4:   beast_lair_carwin_large_1, layout_cellular_growth, grunt_megastairs_3,
          uniq_urug
Lair:5:   due_jungle_book, layout_gridlike, slime_entry_1,
          portal_ice_cave_demonic_guard
Swamp:1:  layout_basic_swamp, hangedman_swamp_diagram
Swamp:2:  layout_basic_swamp, nicolae_swamp_godswood, swamp_pool4,
          nicolae_swamp_necromancer_hut, uniq_mlioglotl
Swamp:3:  layout_falls_marsh, hangedman_swamp_lotus, swamp_pool3,
          nicolae_swamp_spriggan_camp
Swamp:4:  swamp_pestilence, layout_basic_swamp
Snake:1:  layout_grid_maze, nicolae_snake_the_dead_are_slithering,
          serial_bayou_shore_b
Snake:2:  layout_misc_corridors, guppyfry_snake_island, minmay_shop_star
Snake:3:  layout_cave_town, nicolae_snake_flat_spine
Snake:4:  grunt_snake_rune_spirals, layout_onion,
          nicolae_shop_sticking_my_neck_out, minmay_shop_grove, uniq_vashnia
Slime:1:  layout_caves
Slime:2:  layout_caves, dissolution_awaits, uniq_dissolution
Slime:3:  layout_caves
Slime:4:  layout_caves
Slime:5
Orc:1:    layout_caves, minmay_orc_temple_c, uniq_nergalle, uniq_gastronok
Orc:2:    kennysheep_orc_mage_school, layout_caves, serial_shops,
          bzr_entry_dummy, nicolae_shop_hallway_plus, shop,
          nicolae_shop_statue_plus, lightli_church_of_beogh
Elf:1:    eino_elf_arrival_customs, layout_geoelf_grid, serial_shops,
          nicolae_shop_statue_plus, nicolae_shop_trees, shop, shop,
          evilmike_minifort, uniq_kirke
Elf:2:    elven_hall_of_blades_hangedman_alternative [nicolae_blade_bullseye],
          layout_onion_city, serial_shops, nicolae_shop_statue_plus,
          minivault_25_ag
Elf:3:    elf_hall_gauntlet_wide, layout_geoelf_castle, serial_shops,
          nicolae_shop_waterfront
Vaults:1: hangedman_vaults_variations, hangedman_vaults_snaps,
          emtedronai_trogs_sanctum, ontoclasm_vaults_fault,
          hangedman_vaults_corner, v_alt_pattern_1,
          vaults_room_grunt_arrival_ludios, ontoclasm_vaults_shuriken,
          vaults_dpeg_emergency_exit, dpeg_vaults_monster_box,
          nicolae_vaults_little_squares_1, layout_vaults_omnicross
Vaults:2: vaults_mumra_chevron, grunt_vaults_trifunnel, vaults_mumra_hex,
          st_greater_box_5, hangedman_vaults_unwind,
          nicolae_vaults_ring_of_whatevers, vaults_dpeg_diagonal, v_misc_5,
          hangedman_vaults_river_flow, hangedman_vaults_capsules,
          vaults_room_pool, layout_vaults_omnibox, serial_shops,
          nicolae_shop_bloodbath_and_beyond, shop, shop
Vaults:3: v_misc_19, blue_anna_dwarven_crypt, grunt_vaults_focal, v_misc_29,
          dpeg_vaults_hating_casters, v_misc_10, v_misc_16, v_misc_13,
          v_misc_31, v_misc_28, nicolae_vaults_asterisk,
          nicolae_vaults_what_the_h, hangedman_vaults_trim,
          vaults_room_door_ring, layout_vaults_ring, uniq_sojobo
Vaults:4: infiniplex_enter_wizlab_water, v_misc_15,
          ontoclasm_vaults_loading_screen, vaults_dpeg_spiral, serial_ice_m,
          vaults_standard_mumra_x, vaults_room_door_ring,
          layout_vaults_omnigrid, uniq_margery, uniq_mara
Vaults:5
Crypt:1:  layout_chaotic_city, grunt_crypt_arrival_split, uniq_donald
Crypt:2:  layout_basic, ebering_ghost_disaster_area, hangedman_summoners_spam,
          grunt_megastairs_5
Crypt:3:  lightli_unholy_cathedral, layout_chaotic_city,
          nicolae_tomb_entry_unfolded_pyramid_diagonal
Tomb:1
Tomb:2
Tomb:3
Depths:1: layout_gridlike, chequers_serial_rivers_micro_b, hell_entry,
          abyss_entry, kennysheep_generic_room_11
Depths:2: wad_courtyard, layout_basic, enter_ziggurat_a, rand_demon_pan_entry_1,
          hell_entry, elyvilon_altar_4
Depths:3: hangedman_cross_veins, layout_basic, rand_demon_pan_entry_8,
          nicolae_vehumet_radiance, hell_entry, abyss_entry,
          serial_sigils_hangedman_confine, infiniplex_staircase_pool_1,
          uniq_saint_roka
Depths:4: evilmike_zot_entry_basic, layout_gridlike,
          minmay_misc_feat_secret_circle, hell_entry, serial_shops,
          nicolae_shop_hallway_plus, nicolae_shop_fire_sale
          [nicolae_sub_dead_trees], minmay_misc_feat_five
Hell
Dis:1:    kennysheep_iron_temple, layout_jigsaw
Dis:2:    layout_jigsaw
Dis:3:    layout_jigsaw
Dis:4:    layout_regular_city, glass_columns_a
Dis:5:    layout_regular_city
Dis:6:    layout_subdivisions
Dis:7:    dis_grunt_layers
Geh:1:    layout_gehenna_pools_basic
Geh:2:    layout_gehenna_lava_caves
Geh:3:    layout_gehenna_pools_triple
Geh:4:    layout_gehenna_pools_box, nicolae_geh_lavax
Geh:5:    layout_gehenna_pools_triple
Geh:6:    layout_gehenna_pools_basic
Geh:7:    geh_grunt_pentagon
Coc:1:    layout_ice_bergs, nicolae_coc_melting_block
Coc:2:    layout_ice_bergs
Coc:3:    layout_ice_bergs
Coc:4:    layout_cocytus_water_paths
Coc:5:    layout_cocytus_delve
Coc:6:    layout_ice_bergs
Coc:7:    coc_mu
Tar:1:    layout_grid_maze, nicolae_tar_grid_combs
Tar:2:    layout_catacombs
Tar:3:    layout_catacombs
Tar:4:    layout_honeycomb, evilmike_ambush [evilmike_ambush_outer_basic,
          evilmike_ambush_inner_basic]
Tar:5:    layout_grid_maze
Tar:6:    nicolae_hells_demon_pit, layout_cathedral_of_symmetry,
          nicolae_tar_cuneiform_bird
Tar:7:    tar_old
Zot:1:    layout_basic, uniq_grunn
Zot:2:    layout_misc_corridors, basic_altar, zot_minivault_7
Zot:3:    layout_cathedral_of_symmetry
Zot:4:    kennysheep_spiral_hall, layout_misc_corridors,
          st_single_dragon_hoard_1
Zot:5:    layout_gridlike

Skill      XL: |  1  2  3  4  5  6  7  8  9 10 11 12 13 14 15 16 17 18 19 20 21 22 23 24 25 26 27 |
---------------+----------------------------------------------------------------------------------+-----
Axes           | 3 4 6 7 10 12 14 16 18 27 | 27.0
Fighting       | 4 5 7 9 10 13 15 16 19 20 22 24 27 | 27.0
Shields        | 4 5 7 10 11 15 16 18 20 23 27 | 27.0
Throwing       | 1 4 5 8 13 14 16 20 | 20.5
Invocations    | 4 12 27 | 27.0
Armour         | 5 7 8 10 12 15 16 18 19 27 | 27.0
Evocations     | 4 5 7 9 10 14 15 24 | 24.1
Dodging        | 6 8 10 11 14 15 16 18 23 | 23.0

Action                     |  1- 3 |  4- 6 |  7- 9 | 10-12 | 13-15 | 16-18 | 19-21 | 22-24 | 25-27 || total
---------------------------+-------+-------+-------+-------+-------+-------+-------+-------+-------++-------
  Melee: War axe           |    94 |   196 |   309 |   664 |   572 |       |       |       |       ||  1835
         Morningstar       |       |       |       |     9 |    17 |       |    10 |       |       ||    36
         Broad axe         |       |       |       |       |   495 |  1237 |   939 |  1182 |  5124 ||  8977
  Throw: Dart              |       |       |       |     9 |     5 |     2 |       |       |       ||    16
         Boomerang         |       |       |       |     3 |    21 |    45 |   150 |   124 |   265 ||   608
         Stone             |       |       |       |     2 |       |       |       |       |       ||     2
         Javelin           |       |       |       |     1 |     4 |    21 |    25 |    16 |   160 ||   227
         Throwing net      |       |       |       |       |       |     4 |     2 |     1 |       ||     7
 Invoke: Heroism           |       |       |       |     7 |     7 |     9 |    11 |     7 |     5 ||    46
         Finesse           |       |       |       |     2 |     3 |     8 |    11 |    11 |     8 ||    43
         Duel              |       |       |       |       |       |     1 |       |     1 |     4 ||     6
         Cleansing Flame   |       |       |       |       |       |       |       |       |   189 ||   189
         Summon Divine War |       |       |       |       |       |       |       |       |    54 ||    54
         Divine Shield     |       |       |       |       |       |       |       |       |    42 ||    42
  Evoke: Wand              |       |     2 |     3 |       |     4 |       |       |     1 |     9 ||    19
         Lightning rod     |       |       |       |       |       |     4 |       |       |     4 ||     8
         Phial of floods   |       |       |       |       |       |     1 |       |     4 |     3 ||     8
         Condenser vane    |       |       |       |       |       |       |     1 |     3 |     3 ||     7
         Phantom mirror    |       |       |       |       |       |       |       |       |    14 ||    14
         Box of beasts     |       |       |       |       |       |       |       |       |     4 ||     4
    Use: Scroll            |       |       |     8 |     9 |    14 |    10 |     6 |     4 |    43 ||    94
         Potion            |       |       |     1 |     3 |     1 |     6 |     1 |     3 |    74 ||    89
   Stab: Distracted        |       |       |       |       |       |    14 |    13 |    35 |    31 ||    93
         Held in net/web   |       |       |       |       |       |     1 |     1 |     1 |       ||     3
         Confused          |       |       |       |       |       |       |     3 |       |       ||     3
 Armour: Scale mail        |    36 |    91 |     4 |       |       |       |       |       |       ||   131
         Chain mail        |       |       |   151 |   258 |       |       |       |       |       ||   409
         Skin              |       |       |       |     8 |       |       |       |       |   276 ||   284
         Crystal plate arm |       |       |       |   131 |   689 |   674 |   533 |   421 |  1784 ||  4232
  Dodge: Dodged            |    55 |   100 |    77 |   185 |   276 |   247 |   256 |   273 |  1226 ||  2695
  Block: Buckler           |    20 |    44 |    58 |   166 |   300 |   286 |       |       |       ||   874
         Reflection        |       |       |       |       |       |    92 |    75 |    11 |       ||   178
         Kite shield       |       |       |       |       |       |   365 |   618 |   339 |   146 ||  1468
         Tower shield      |       |       |       |       |       |       |       |   348 |  4875 ||  5223

Table legend: (Time is in decaauts)
 A = Elapsed time spent in this place.
 B = Non-inter-level travel time spent in this place.
 C = Inter-level travel time spent in this place.
 D = Time resting spent in this place.
 E = Time spent auto-exploring this place.
 F = Levels seen in this place.
 G = Mean time per level.
                   A        B        C        D        E       F      G
               +--------+--------+--------+--------+--------+-----+--------+
         Total |  89218 |  77322 |  11896 |  10227 |  42893 | 121 |  737.3 |
       Dungeon |  19322 |  15739 |   3583 |   1410 |  10943 |  15 | 1288.1 |
        Temple |    349 |    248 |    101 |      0 |    232 |   1 |  349.0 |
          Lair |   7395 |   6080 |   1315 |    448 |   4095 |   5 | 1479.0 |
         Swamp |   2765 |   2599 |    166 |    309 |   1717 |   4 |  691.2 |
     Snake Pit |   4918 |   4069 |    849 |    402 |   2729 |   4 | 1229.5 |
    Slime Pits |   1258 |   1151 |    107 |    276 |    299 |   5 |  251.6 |
  Orcish Mines |   2329 |   1655 |    674 |    289 |    849 |   2 | 1164.5 |
   Elven Halls |   3659 |   3298 |    361 |    378 |   2069 |   3 | 1219.7 |
        Vaults |   8900 |   7353 |   1547 |    465 |   4819 |   5 | 1780.0 |
         Crypt |   3573 |   2854 |    719 |    120 |   1947 |   3 | 1191.0 |
          Tomb |   3071 |   2760 |    311 |    837 |    737 |   3 | 1023.7 |
        Depths |   4915 |   4042 |    873 |    140 |   2893 |   4 | 1228.8 |
          Hell |   1097 |    901 |    196 |    277 |    275 |   1 | 1097.0 |
           Dis |   1491 |   1491 |      0 |    352 |     34 |   7 |  213.0 |
       Gehenna |   2917 |   2752 |    165 |    362 |   1282 |   7 |  416.7 |
       Cocytus |   3531 |   3221 |    310 |    305 |   1695 |   7 |  504.4 |
      Tartarus |   2103 |   2063 |     40 |    889 |    452 |   7 |  300.4 |
           Zot |   8325 |   7753 |    572 |   2083 |   3790 |   5 | 1665.0 |
         Abyss |    390 |    390 |      0 |      0 |      0 |   4 |   97.5 |
   Pandemonium |   6203 |   6203 |      0 |    812 |   1774 |  21 |  295.4 |
        Bazaar |     25 |     25 |      0 |      0 |      0 |   1 |   25.0 |
        Wizlab |    553 |    553 |      0 |     65 |    259 |   1 |  553.0 |
         Arena |    119 |    119 |      0 |      3 |      0 |   6 |   19.8 |
               +--------+--------+--------+--------+--------+-----+--------+

Top non-repeatable levels by time:
   Zot:5: 4092 daAuts
     D:9: 2535 daAuts
Vaults:5: 2364 daAuts
  Lair:5: 2171 daAuts
Vaults:1: 1945 daAuts
 Snake:4: 1842 daAuts
  Tomb:1: 1805 daAuts
   Coc:7: 1800 daAuts
   Elf:3: 1680 daAuts
Vaults:2: 1679 daAuts
    D:11: 1645 daAuts
Vaults:3: 1620 daAuts
   Orc:2: 1617 daAuts
     D:4: 1611 daAuts
    D:10: 1591 daAuts
